 Dungeon Crawl Stone Soup version 0.26-a0-1161-g0398aca569 (webtiles) character file.

Game seed: 3827243287860147592

1694999 Mervan the Conqueror (level 27, 0/208 HPs)
             Began as a Gargoyle Earth Elementalist on Dec 18, 2020.
             Was the Champion of Vehumet.
             Slain by Onov the pandemonium lord (15 damage)
             ... on level 11 of a ziggurat on Dec 23, 2020.
             The game lasted 08:24:07 (126003 turns).

Mervan the Conqueror (GrEE)                       Turns: 126003, Time: 08:24:09

Health: 0/208      AC: 56    Str: 15    XL:     27
Magic:  1/54       EV: 39    Int: 28    God:    Vehumet [******]
Gold:   19023      SH: 18    Dex: 10    Spells: 5/80 levels left

rFire    + + +     SeeInvis +   h - +3 Elemental Staff {rElec rF++ rC++ Will++ AC+5}
rCold    + + .     Faith    .   q - +3 warlock's mirror {reflect}
rNeg     + + .     Spirit   .   K - +2 robe {Archmagi}
rPois    ∞         Reflect  +   X - +2 hat {SInv}
rElec    +         Harm     .   v - +3 cloak of Hepliaklqana's Regard {rCorr Str+2}
rCorr    +         Rampage  .   C - +1 pair of gloves of Poor Excuses {rN+ SInv}
Will     ++...     Clarity  +   y - +2 pair of boots "Gisokis" {rElec rCorr}
Stlth    +++++++++.             i - amulet of Coronation {Reflect rElec rF+++ SH+5}
HPRegen  0.44/turn              U - ring of Robustness {AC+8}
MPRegen  0.34/turn              H - ring of Phasing {EV+8}

@: mighty, agile, weak-willed, marked, flying, slowed, silenced, very slow
A: big wings, hooves 1, rugged brown scales 2, clarity, negative energy
resistance 1, sense surroundings 1, screaming 1, electricity resistance, wild
magic 1, unbreathing, petrification resistance, miasma immunity, AC +20
}: 10/15 runes: decaying, slimy, silver, abyssal, demonic, glowing, magical,
fiery, dark, gossamer
a: Stop Flying, Renounce Religion


You were on level 11 of a ziggurat.
You worshipped Vehumet.
Vehumet was exalted by your worship.
You visited 11 branches of the dungeon, and saw 53 of its levels.
You visited Pandemonium 1 time, and saw 31 of its levels.
You visited the Abyss 3 times.
You visited 1 bazaar.
You visited 6 ziggurats (completing 5), and saw 146 of their levels.
You also visited: Sewer, Ossuary, Gauntlet and Wizlab.

You collected 21480 gold pieces.
You spent 2457 gold pieces at shops.

Inventory:

Hand Weapons
 a - the +10 morningstar "Eos" {elec, Halo rElec}
   (You found it on level 9 of a ziggurat)

   Occasionally, upon striking a foe, it can discharge electrical energy and
   cause terrible harm.
   It insulates you from electricity.
 h - the +3 Elemental Staff (weapon) {rElec rF++ rC++ Will++ AC+5}
   (You found it on level 8 of a ziggurat)

   It affects your AC (+5).
   It greatly protects you from fire.
   It greatly protects you from cold.
   It insulates you from electricity.
   It affects your willpower, your defense against some magical effects.
Armour
 q - the +3 warlock's mirror (worn) {reflect}
   (You found it on level 16 of a ziggurat)
 v - the +3 cloak of Hepliaklqana's Regard (worn) {rCorr Str+2}
   (You found it in a Gauntlet)

   It affects your strength (+2).
   It provides partial protection from all sources of acid and corrosion.
 y - the +2 pair of boots "Gisokis" (worn) {rElec rCorr}
   (You found it on level 16 of a ziggurat)

   It insulates you from electricity.
   It provides partial protection from all sources of acid and corrosion.
 C - the +1 pair of gloves of Poor Excuses (worn) {rN+ SInv}
   (You acquired it on level 12 of a ziggurat)

   It protects you from negative energy.
   It lets you see invisible.
 K - a +2 robe of the Archmagi (worn)
 X - a +2 hat of see invisible (worn)
Jewellery
 b - the ring of Wu Jian's Pride {+Inv rN+ EV+4 Dex+2}
   (You found it on level 8 of a ziggurat)

   [ring of evasion]

   It affects your evasion (+4).
   It affects your dexterity (+2).
   It protects you from negative energy.
   It lets you turn invisible.
 i - the amulet of Coronation (around neck) {Reflect rElec rF+++ SH+5}
   (You acquired it on level 10 of the Dungeon)

   [amulet of reflection]

   It shields you and reflects attacks.
   It renders you almost immune to fire.
   It insulates you from electricity.
   It affects your SH (+5).
 H - the ring of Phasing (right hand) {EV+8}
   (You bought it in a shop in a bazaar)

   [ring of evasion]

   It affects your evasion (+8).
 U - the ring of Robustness (left hand) {AC+8}
   (You found it on level 19 of a ziggurat)

   [ring of protection]

   It affects your AC (+8).
Wands
 o - a wand of acid (27)
Scrolls
 e - 128 scrolls of teleportation
 f - 24 scrolls of identify
 g - 30 scrolls of blinking
 m - 41 scrolls of amnesia
 r - 126 scrolls of remove curse
 x - 12 scrolls of summoning
 G - 18 scrolls of magic mapping
 I - 7 scrolls of holy word
 M - 60 scrolls of fog
Potions
 c - a potion of invisibility
 l - 30 potions of curing
 p - 4 potions of ambrosia
 t - 18 potions of cancellation
 w - 117 potions of mutation
 A - 4 potions of haste
 B - 9 potions of brilliance
 J - 11 potions of berserk rage
 L - 3 potions of resistance
 O - 10 potions of might
 T - 17 potions of heal wounds
 W - 28 potions of magic
Miscellaneous
 j - a box of beasts
 D - a condenser vane (inert)
 V - a tin of tremorstones (1/2)
 Y - a phantom mirror


   Skills:
 O Level 27 Fighting
 - Level 8.0 Long Blades
 + Level 25.7(27) Axes
 O Level 27 Maces & Flails
 O Level 27 Polearms
 O Level 27 Staves
 O Level 27 Crossbows
 O Level 27 Armour
 O Level 27 Dodging
 O Level 27 Stealth
 O Level 27 Shields
 O Level 27 Spellcasting
 O Level 27 Conjurations
 + Level 24.9 Summonings
 O Level 27 Necromancy
 + Level 24.4 Transmutations
 O Level 27 Fire Magic
 O Level 27 Ice Magic
 O Level 27 Air Magic
 O Level 27 Earth Magic
 O Level 27 Evocations


You had 5 spell levels left.
You knew the following spells:

 Your Spells              Type           Power        Failure   Level
a - Shatter               Erth           89%          1%          9
b - Stone Arrow           Conj/Erth      100%         1%          3
c - Lee's Rapid Deconstr  Erth           89%          1%          5
d - Iron Shot             Conj/Erth      89%          1%          6
e - Tornado               Air            89%          1%          9
f - Fire Storm            Conj/Fire      89%          1%          9
g - Ignition              Fire           89%          1%          8
h - Absolute Zero         Ice            89%          1%          9
i - Necromutation         Tmut/Necr      75%          1%          8
j - Death's Door          Necr           76%          2%          9

Your spell library contained the following spells:

 Spells                   Type           Power        Failure   Level
 Lehudib's Crystal Spear  Conj/Erth      89%          1%          8
 Animate Skeleton         Necr           100%         1%          1
 Apportation              Tloc           100%         1%          1
 Beastly Appendage        Tmut           100%         1%          1
 Corona                   Hex            72%          1%          1
 Foxfire                  Conj/Fire      100%         1%          1
 Freeze                   Ice            100%         1%          1
 Magic Dart               Conj           100%         1%          1
 Pain                     Necr           100%         1%          1
 Sandblast                Erth           100%         1%          1
 Shock                    Conj/Air       100%         1%          1
 Sting                    Tmut/Pois      100%         1%          1
 Summon Small Mammal      Summ           100%         1%          1
 Call Imp                 Summ           100%         1%          2
 Corpse Rot               Necr/Air       N/A          1%          2
 Ensorcelled Hibernation  Hex/Ice        100%         1%          2
 Passwall                 Tmut/Erth      100%         1%          2
 Poisonous Vapours        Pois/Air       100%         1%          2
 Searing Ray              Conj           100%         1%          2
 Swiftness                Air            100%         1%          2
 Wereblood                Tmut           100%         1%          2
 Call Canine Familiar     Summ           100%         1%          3
 Conjure Flame            Conj/Fire      100%         1%          3
 Dazzling Flash           Conj/Hex       100%         1%          3
 Frozen Ramparts          Ice            100%         1%          3
 Ignite Poison            Fire/Tmut/Pois 100%         1%          3
 Inner Flame              Hex/Fire       100%         1%          3
 Mephitic Cloud           Conj/Pois/Air  100%         1%          3
 Ozocubu's Armour         Ice            100%         1%          3
 Spider Form              Tmut/Pois      59%          1%          3
 Static Discharge         Conj/Air       100%         1%          3
 Summon Guardian Golem    Hex/Summ       100%         1%          3
 Vampiric Draining        Necr           76%          1%          3
 Airstrike                Air            89%          1%          4
 Animate Dead             Necr           76%          1%          4
 Dispel Undead            Necr           100%         1%          4
 Fulminant Prism          Conj/Hex       60%          1%          4
 Hailstorm                Conj/Ice       100%         1%          4
 Ice Form                 Ice/Tmut       100%         1%          4
 Iskenderun's Mystic Bla  Conj/Tloc      100%         1%          4
 Leda's Liquefaction      Hex/Erth       73%          1%          4
 Petrify                  Tmut/Erth      100%         1%          4
 Sticky Flame             Conj/Fire      100%         1%          4
 Summon Ice Beast         Ice/Summ       100%         1%          4
 Summon Lightning Spire   Summ/Air       100%         1%          4
 Agony                    Necr           100%         1%          5
 Alistair's Intoxication  Tmut/Pois      78%          1%          5
 Blade Hands              Tmut           74%          1%          5
 Bolt of Magma            Conj/Fire/Erth 100%         1%          5
 Borgnjor's Vile Clutch   Necr/Erth      89%          1%          5
 Excruciating Wounds      Necr           76%          1%          5
 Fireball                 Conj/Fire      89%          1%          5
 Irradiate                Conj/Tmut      75%          1%          5
 Iskenderun's Battlesphe  Conj           100%         1%          5
 Lightning Bolt           Conj/Air       89%          1%          5
 Metabolic Englaciation   Hex/Ice        73%          1%          5
 Silence                  Hex/Air        73%          1%          5
 Summon Demon             Summ           74%          1%          5
 Summon Forest            Summ/Tloc      59%          1%          5
 Summon Mana Viper        Hex/Summ       100%         1%          5
 Yara's Violent Unravell  Hex/Tmut       59%          1%          5
 Blink                    Tloc           N/A          2%          2
 Slow                     Hex            65%          2%          2
 Confusing Touch          Hex            65%          3%          3
 Gell's Gravitas          Tloc           32%          3%          3
 Lesser Beckoning         Tloc           32%          3%          3
 Portal Projectile        Hex/Tloc       100%         3%          3
 Teleport Other           Tloc           65%          3%          3
 Tukima's Dance           Hex            65%          3%          3
 Olgreb's Toxic Radiance  Pois           65%          3%          4
 Cause Fear               Hex            32%          11%         4
 Passage of Golubria      Tloc           N/A          11%         4
 Conjure Ball Lightning   Conj/Air       89%          1%          6
 Death Channel            Necr           76%          1%          6
 Eringya's Noxious Bog    Tmut/Pois      59%          1%          6
 Freezing Cloud           Conj/Ice/Air   100%         1%          6
 Hydra Form               Tmut           74%          1%          6
 Ozocubu's Refrigeration  Ice            89%          1%          6
 Shadow Creatures         Summ           N/A          1%          6
 Simulacrum               Ice/Necr       89%          1%          6
 Starburst                Conj/Fire      89%          1%          6
 Dragon Form              Tmut           74%          1%          7
 Haunt                    Necr/Summ      75%          1%          7
 Monstrous Menagerie      Summ           74%          1%          7
 Orb of Destruction       Conj           76%          1%          7
 Spellforged Servitor     Conj/Summ      75%          1%          7
 Summon Greater Demon     Summ           74%          1%          7
 Summon Hydra             Summ           74%          1%          7
 Borgnjor's Revivificati  Necr           76%          1%          8
 Chain Lightning          Conj/Air       89%          1%          8
 Infestation              Necr           76%          1%          8
 Summon Horrible Things   Summ           74%          1%          8
 Dragon's Call            Summ           74%          4%          9
 Malign Gateway           Summ/Tloc      59%          6%          7
 Dispersal                Tloc           32%          78%         6
 Invisibility             Hex            65%          78%         6
 Discord                  Hex            32%          100%        8
 Disjunction              Tloc           32%          100%        8
 Sublimation of Blood     Necr           Unusable     N/A         2
 Statue Form              Tmut/Erth      Unusable     N/A         6

Dungeon Overview and Level Annotations

Branches:
Dungeon (15/15)            Temple (1/1) D:6            Lair (6/6) D:11
  Swamp (4/4) Lair:2       Spider (4/4) Lair:2        Slime (5/5) Lair:5
    Orc (2/2) D:12            Elf (3/3) Orc:2        Vaults (5/5) D:13
  Crypt (3/3) Vaults:3       Tomb (0/3) Crypt:3      Depths (5/5) D:15
    Zot (0/5) Depths:5      Sewer (visited)         Ossuary (visited)
 WizLab (visited)         Gauntlet (visited)

Altars:
Cheibriados
Dithmenos
Elyvilon
Fedhas
Gozag
Kikubaaqudgha
Vehumet
Xom
Yredelemnul
Zin
The Shining One

Shops:
Orc:2 =[*(   Elf:1 =   Elf:3 }   Vaults:1 !   Vaults:3 =   Vaults:5 (
Depths:4 ![*

Portals:
Hell: Depths:1 Depths:2 Depths:3 Depths:4 Depths:5
Abyss: Depths:4 Depths:5
Pandemonium: Depths:3 Depths:5

Annotations:
Lair:4 exclusion: 3 oklob plants
Elf:2 5 runed translucent doors


Innate Abilities, Weirdness & Mutations

You are resistant to torment.
Your stone body is resilient. (AC +20)
You are immune to poison.
Your large and strong wings let you fly indefinitely.
You resist negative energy. (rN+)
You are resistant to electric shocks. (rElec)
You can survive without breathing.
You are immune to petrification.
You are immune to miasma.
You have large cloven feet.
You are mostly covered in rugged brown scales. (AC +2, +5% HP)
You possess an exceptional clarity of mind.
You passively map a small area around you.
You occasionally shout uncontrollably at your foes.
Your spells are a little harder to cast, but a little more powerful.


Message History

You feel agile all of a sudden. You block Onov's attack.
You block Vofrett's attack.
Reri blinks!
The phantom blinks!
The phantasmal warrior hits you.
* * * LOW HITPOINT WARNING * * *
Your willpower is stripped away!
Rikhooha completely misses you. The freezing wraith misses you.
You block the freezing wraith's attack. Vadyub completely misses you.
The phantasmal warrior blinks!
Onov completely misses you. Rihilil gestures at you.
The poison arrow misses you.
The poison arrow misses the freezing wraith.
Nenu hits you but does no damage.
You feel as though you will be slow longer.
The phantom blinks!
You feel much better. Vofrett misses you. You block Rikhooha's attack.
Vofrett gestures at you.
You are blasted!
* * * LOW HITPOINT WARNING * * *
Nenu completely misses you. Onov splashes you!
You die...

▓▓▓▓▓▓▓▓▓▓▓
▓▓#§#.§...#≈*▓▓
▓▓.§#≈.....§ ≈?▓
▓▓..#≈#§§.WW#≈#Λ|
▓▓...WW&W§§§§§./?─
▓▓...W&&1W§W§§.*))[
▓.∩.WW@&W&W.§§..†:|
▓▓...&&&&34§§&...)?,
* ▓▓...tW&W.§§§.†.(!
▓▓W§#≈#W○§§☼#≈#|[
▓▓.≈#≈W....≈ §†▓
▓▓#§#.....#§*▓▓
▓▓▓▓▓▓▓▓▓▓▓


You could see Daplesh, Fong, Icijop (fast, silencing), Igeatz, Nenu, Onov, Reri,
Rihilil, Rikhooha, Vadyub, Vofrett (fast), a Brimstone Fiend, a sun demon
(summoned), an apocalypse crab, 2 phantasmal warriors, a hellwing (summoned), 4
freezing wraiths, 5 phantoms and 6 wraiths.

Vanquished Creatures
  Cerebov (Pan)
  the Royal Jelly (Slime:5)
  Lom Lobon (Pan)
  The ghost of Sobuoh the Slayer, a legendary GrEE of Vehumet (Zig:27)
  The ghost of Zorhyraw the Slayer, a legendary GrEE of Vehumet (Zig:27)
  The ghost of Zorhyraw the Slayer, a legendary GrEE of Vehumet (Zig:27)
  The ghost of Zorhyraw the Slayer, a legendary GrEE of Vehumet (Zig:27)
  Gloorx Vloq (Pan)
  The ghost of Wougrad the Conqueror, a legendary GrEE of Vehumet (Zig:27)
  The ghost of Myrdon the Conqueror, a legendary GrEE of Vehumet (Zig:27)
  Mnoleg (Pan)
  The ghost of Rotwopom the Cloud Mage, a legendary NaVM of Cheibriados (Zig:27)
  The ghost of Rotwopom the Cloud Mage, a legendary NaVM of Cheibriados (Zig:27)
  The ghost of tamionv the Skullcrusher, a legendary GrFi of Zin (Zig:27)
  The ghost of Cygay the Pyromancer, a legendary GrEE of Vehumet (Zig:27)
  The ghost of Cygay the Pyromancer, a legendary GrEE of Vehumet (Zig:27)
  14 orbs of fire
  96 ancient liches
  The ghost of Umoqal the Sorcerer, a legendary DEEE of Vehumet (Zig:27)
  The ghost of Erhaimih the Impregnable, a legendary DDNe of Makhleb (Zig:27)
  The ghost of Mervan the Metallomancer, a legendary GrEE of Vehumet (Zig:27)
  The ghost of Gyofeun the Axe Maniac, a legendary FoFi of Ru (Zig:27)
  The ghost of Gyofeun the Axe Maniac, a legendary FoFi of Ru (Zig:27)
  The ghost of Gyofeun the Axe Maniac, a legendary FoFi of Ru (Zig:27)
  The ghost of petercordia the Grand Master, a legendary DsEE of Qazlal (Zig:27)
  The ghost of Zarkath the Conqueror, a legendary DsDe of Uskayaw (Zig:27)
  The ghost of Ahek the Gnoll Blade, a legendary GnTm of Cheibriados (Zig:27)
  The ghost of Saonuxt the Cutthroat, a legendary DsFi of Uskayaw (Zig:27)
  The ghost of Saonuxt the Cutthroat, a legendary DsFi of Uskayaw (Zig:27)
  The ghost of Xiorchab the Archmage, a legendary VSFi of Wu Jian (Zig:27)
  The ghost of Xiorchab the Archmage, a legendary VSFi of Wu Jian (Zig:27)
  The ghost of Xiorchab the Archmage, a legendary VSFi of Wu Jian (Zig:27)
  The ghost of Xiorchab the Archmage, a legendary VSFi of Wu Jian (Zig:27)
  The ghost of Poybuibi the Conqueror, a veteran MiMo of Ru (Zig:27)
  43 juggernauts
  93 royal mummies
  The ghost of Larunk the Cloud Mage, a veteran DgAE (Depths:5)
  The ghost of Gishoal the Imperceptible, a legendary KoBr of Wu Jian (Zig:27)
  The ghost of Gishoal the Imperceptible, a legendary KoBr of Wu Jian (Zig:27)
  18 shard shrikes
  Boris (Depths:5)
  The ghost of Ereufydu the Archmage, a legendary VSGl of Wu Jian (Zig:27)
  The ghost of Ihoic the Archmage, a legendary SpEn of Dithmenos (Zig:27)
  59 Killer Klowns
  The ghost of Vuurchuto the Gnoll Aeon, a veteran GnTm of Cheibriados (Depths:5)
  90 pandemonium lords
  Margery (Crypt:3)
  17 caustic shrikes
  3 curse toes (Zig:27)
  The ghost of Icuofef the Sorcerer, a veteran SpEn of Dithmenos (Zig:27)
  The ghost of Icuofef the Sorcerer, a veteran SpEn of Dithmenos (Zig:27)
  The ghost of Icuofef the Sorcerer, a veteran SpEn of Dithmenos (Zig:27)
  Xtahua (Depths:5)
  10 profane servitors
  182 golden dragons
  21 Brimstone Fiends
  8 pearl dragons
  28 bone dragons
  36 liches
  7 Tzitzimimeh
  Arachne (Spider:2)
  61 tentacled monstrosities
  10 hellephants
  6 electric golems (Zig:6)
  30 iron giants
  18 Hell Sentinels
  26 Ice Fiends
  2 quicksilver dragons (shapeshifter) (Zig:22)
  23 deep elf blademasters
  57 quicksilver dragons
  91 titans
  111 acid blobs
  A titan (shapeshifter) (Zig:11)
  19 deep elf master archers
  6 sphinxes (shapeshifter)
  53 sphinxes
  36 Executioners
  Agnes (Elf:1)
  43 ancient champions
  44 tentacled starspawn
  23 shadow dragons
  23 storm dragons
  2 thorn hunters
  A storm dragon (shapeshifter) (Zig:22)
  5 shadow dragons (shapeshifter)
  61 draconian monks
  267 nagarajas
  Kirke (D:12)
  7 fenstrider witches (shapeshifter)
  A fenstrider witch (Zig:24)
  5 azure jellies (shapeshifter)
  8 tengu reavers
  10 daevas
  43 azure jellies
  4 fire giants (shapeshifter)
  39 revenants
  8 deep elf sorcerers
  33 vault wardens
  30 fire giants
  77 draconian knights
  43 balrugs
  12 warmongers
  4 emperor scorpions
  5 frost giants (shapeshifter)
  10 caustic shrike zombies
  An emperor scorpion (shapeshifter) (Zig:7)
  A ghost moth (shapeshifter) (Zig:22)
  8 ghost moths
  14 black suns
  32 curse skulls
  23 frost giants
  22 iron dragons
  2 deep elf elementalists (Elf:3)
  13 juggernaut zombies
  64 draconian scorchers
  27 ghouls
  72 draconian shifters
  64 draconian annihilators
  24 cacodemons
  173 orc warlords
  A spriggan defender (Depths:3)
  60 draconian stormcallers
  73 reapers
  99 stone giants
  46 war gargoyles
  39 ironheart preservers
  5 angels
  5 stone giants (shapeshifter)
  12 juggernaut skeletons
  10 caustic shrike skeletons
  10 blood saints
  23 deep elf demonologists
  37 green draconians
  32 vampire knights
  36 corrupters
  24 bennus
  An apis (Zig:9)
  34 black draconians
  16 bunyips
  84 very ugly things
  2 minotaurs (shapeshifter)
  15 spark wasps
  6 ophanim
  31 lorocyprocas
  A minotaur (Gauntlet)
  An entropy weaver (shapeshifter) (Zig:21)
  16 deep elf annihilators
  23 entropy weavers
  44 purple draconians
  4 dire elephants (shapeshifter)
  A spark wasp (shapeshifter) (Vaults:5)
  12 dire elephants
  2 bunyips (shapeshifter)
  28 yellow draconians
  36 red draconians
  4 eleionomae (shapeshifter)
  43 merfolk javelineers
  57 eidola
  Azrael (D:15)
  21 white draconians
  35 ettins
  23 deep elf death magi
  94 mummy priests
  8 crystal guardians
  30 blizzard demons
  9 statues (WizLab)
  110 green deaths
  17 jiangshi
  18 eleionomae
  7 quicksilver dragon zombies
  35 fire dragons
  17 merfolk impalers
  16 death oozes
  33 deep elf high priests
  46 yaktaur captains
  8 monstrous demonspawn
  Harold (D:6)
  39 great orbs of eyes
  7 quicksilver dragon skeletons
  24 boulder beetles
  57 shambling mangroves
  36 ice dragons
  Fannar (Lair:2)
  2 great orbs of eyes (shapeshifter)
  An ice dragon (shapeshifter) (Zig:22)
  5 alligator snapping turtles
  9 spriggan air magi
  Erica (D:10)
  A juggernaut simulacrum (Zig:24)
  29 vault guards
  116 hydras
  47 merfolk aquamancers
  13 death knights
  11 ghost crabs
  44 naga warriors
  2 two-headed ogres (shapeshifter) (Zig:22)
  10 hell beasts
  16 rakshasas
  A catoblepas (shapeshifter) (Zig:22)
  3 boulder beetles (shapeshifter)
  5 merfolk avatars
  17 alligators
  6 satyrs
  67 dancing weapons
  An alligator (shapeshifter) (Zig:22)
  A satyr (shapeshifter) (Zig:22)
  4 anacondas (shapeshifter)
  44 anacondas
  12 centaur warriors
  55 two-headed ogres
  5 catoblepae
  5 deep troll shamans
  34 ogre magi
  A queen ant (Spider:1)
  8 death yaks
  16 titan zombies
  4 alligator snapping turtles (shapeshifter)
  135 orc high priests
  2 queen ants (shapeshifter)
  Urug (D:12)
  79 naga sharpshooters
  16 hell hogs
  46 vampire magi
  36 death scarabs
  4 spriggan berserkers
  7 tengu warriors
  60 shock serpents
  69 deep elf knights
  48 thrashing horrors
  10 deep troll earth magi
  8 shock serpents (shapeshifter)
  Nergalle (Lair:4)
  8 iron golems
  53 sun demons
  9 storm dragon zombies
  3 iron trolls (shapeshifter)
  2 fire crabs (shapeshifter) (Zig:14)
  55 soul eaters
  25 spriggans
  48 wretched stars
  4 fire crabs
  A spectral death yak (Gauntlet)
  11 titan skeletons
  157 slime creatures
  15 spatial maelstroms
  27 sixfirhies
  49 skeletal warriors
  11 goliath frogs
  12 hell knights
  10 salamander mystics
  22 golden dragon zombies
  26 shadow wraiths
  12 spark wasp zombies
  3 sea snakes (shapeshifter)
  6 cherubim
  80 death drakes
  6 storm dragon skeletons
  19 torturous demonspawn (Pan)
  38 sea snakes
  An unseen horror (shapeshifter) (Zig:23)
  4 anaconda zombies
  A ghost moth zombie (Crypt:2)
  A goliath frog (shapeshifter) (Zig:23)
  54 iron trolls
  41 flayed ghosts
  22 spriggan druids
  20 glowing orange brains
  27 shadow demons
  7 death drakes (shapeshifter)
  90 swamp dragons
  15 bog bodies
  15 gelid demonspawn (Pan)
  2 glowing orange brains (shapeshifter)
  18 unseen horrors
  31 deep trolls
  61 harpies
  57 deep elf archers
  13 infernal demonspawn (Pan)
  A quicksilver dragon simulacrum (Zig:24)
  31 phantasmal warriors
  4 swamp dragons (shapeshifter)
  54 ironbrand convokers
  12 obsidian statues
  11 shadow dragon zombies
  7 wizards
  43 naga ritualists
  2 deep trolls (shapeshifter)
  Pikel (D:7)
  13 orange crystal statues
  An anaconda skeleton (Crypt:2)
  16 tengu zombies
  14 golden dragon skeletons
  11 sphinx zombies
  4 harpies (shapeshifter)
  A lindwurm (Lair:6)
  An orb spider (shapeshifter) (Zig:14)
  4 stone giant zombies
  20 orb spiders
  58 wolf spiders
  A wolf spider zombie (Crypt:1)
  7 wolf spiders (shapeshifter)
  An oklob plant (Lair:4)
  8 lindwurms (shapeshifter)
  21 necromancers
  17 fauns
  66 orc knights
  7 iron dragon zombies
  5 mana vipers (shapeshifter)
  3 shining eyes (shapeshifter)
  6 shadow dragon skeletons
  84 ugly things
  16 salamanders
  11 tengu skeletons
  102 orc sorcerers
  5 glowing shapeshifters
  25 cyclopes
  19 will-o-the-wisps
  10 fire giant zombies
  5 human zombies
  38 mana vipers
  68 moths of wrath
  5 cyclopes (shapeshifter)
  191 deep elf magi
  27 manticores
  9 sphinx skeletons
  12 elephants
  32 shining eyes
  5 fauns (shapeshifter)
  6 moths of wrath (shapeshifter)
  9 frost giant zombies
  15 merfolk sirens
  7 elephants (shapeshifter)
  5 salamanders (shapeshifter)
  4 manticores (shapeshifter)
  7 iron dragon skeletons
  47 rust devils
  2 dire elephant zombies (Crypt:3)
  3 fire giant skeletons
  5 stone giant skeletons
  65 water nymphs
  4 guardian serpents (shapeshifter)
  44 apocalypse crabs
  A molten gargoyle (Zig:27)
  185 black mambas
  An eye of devastation (shapeshifter) (Zig:12)
  11 worldbinders
  12 ice statues
  2 torpor snails (shapeshifter)
  73 guardian serpents
  48 vault sentinels
  A titan simulacrum (Zig:20)
  24 eyes of devastation
  96 naga magi
  23 spriggan zombies
  3 water nymphs (shapeshifter)
  2 black mambas (shapeshifter)
  A cane toad (shapeshifter) (Elf:1)
  3 frost giant skeletons
  14 torpor snails
  34 cane toads
  A green draconian zombie (Crypt:2)
  Psyche (D:8)
  14 gargoyles
  31 orange demons
  101 smoke demons
  A death yak zombie (Crypt:1)
  28 elf zombies
  29 elf skeletons
  2 rime drakes (shapeshifter)
  4 komodo dragons (shapeshifter)
  2 yaktaur zombies
  67 tormentors
  18 efreet
  18 komodo dragons
  92 yaktaurs
  4 kobold demonologists
  47 hellions
  3 yaktaurs (shapeshifter)
  42 ice devils
  30 demonic crawlers
  66 freezing wraiths
  27 ancient zymes
  A hydra zombie (Crypt:3)
  2 golden dragon simulacra
  A redback zombie (D:15)
  16 rime drakes
  195 guardian mummies
  A yaktaur skeleton (Vaults:4)
  13 spriggan skeletons
  2 tengu conjurers (Depths:1)
  9 polar bears
  32 red devils
  54 trolls
  10 bloated husks
  A merfolk (shapeshifter) (Zig:9)
  2 queen bees (shapeshifter)
  29 hellwings
  A polar bear (shapeshifter) (Zig:26)
  A sphinx simulacrum (Zig:10)
  51 jumping spiders
  112 merfolk
  2 wind drakes (shapeshifter)
  A meliai (shapeshifter) (Vaults:3)
  2 shadow dragon simulacra
  A tyrant leech (shapeshifter) (Zig:14)
  23 tyrant leeches
  14 wind drakes
  A blink frog (shapeshifter) (Zig:27)
  3 jumping spiders (shapeshifter)
  A hornet (shapeshifter) (Zig:21)
  The ghost of hemabe71 the Charlatan, an amateur HuAr (D:4)
  A wolf spider simulacrum (Crypt:1)
  17 snapping turtles
  120 hornets
  2 ettin zombies
  35 raiju
  8 dream sheep
  42 blink frogs
  2 dream sheep (shapeshifter)
  2 ice dragon zombies
  5 slime creatures (shapeshifter)
  3 snapping turtles (shapeshifter)
  A frost giant simulacrum (Abyss:2)
  7 vampires
  14 air elementals
  A fire dragon skeleton (Crypt:2)
  90 flying skulls
  An ettin skeleton (Crypt:1)
  A spectral black mamba (Gauntlet)
  32 tarantellas
  An ice dragon skeleton (Pan)
  5 redbacks (shapeshifter)
  A yak (shapeshifter) (Vaults:5)
  58 ynoxinuls
  51 small abominations
  89 starcursed masses
  33 wraiths
  98 redbacks
  A tarantella (shapeshifter) (Zig:19)
  10 wyverns
  75 ushabtiu
  8 shadows
  140 large abominations
  12 vampire mosquitoes
  26 yaks
  17 basilisks
  A human (shapeshifter) (Zig:16)
  A tyrant leech zombie (Crypt:1)
  46 water elementals
  3 fire bats (Pan)
  64 neqoxecs
  35 fire elementals
  2 humans (Depths:4)
  94 chaos spawn
  9 steam dragons
  19 golden eyes
  Menkaure (D:7)
  3 insubstantial wisps
  13 spatial vortices
  14 swamp worms
  47 wargs
  56 nagas
  3 swamp worms (shapeshifter)
  19 water moccasins
  22 soldier ants (Spider:1)
  19 acid dragons
  6 floating eyes
  Duvessa (D:6)
  A monstrous demonspawn zombie (Crypt:1)
  28 hell hounds
  19 swamp drakes
  A snapping turtle zombie (Crypt:1)
  6 floating eyes (shapeshifter)
  A cane toad skeleton (Abyss:3)
  15 ice beasts
  A sky beast (shapeshifter) (Depths:2)
  204 orc warriors
  3 swamp dragon zombies
  A hornet zombie (D:13)
  2 black bears (shapeshifter)
  19 necrophages
  A blink frog zombie (Crypt:1)
  5 phantoms
  5 sky beasts
  39 eyes of draining
  3 eyes of draining (shapeshifter)
  39 wolves
  8 boggarts
  129 ogres
  22 centaurs
  A snapping turtle skeleton (Crypt:1)
  A tengu (shapeshifter) (Zig:23)
  3 big kobolds
  2 lemures
  A draconian zombie (Crypt:2)
  35 bullfrogs
  22 earth elementals
  A gnoll sergeant (D:4)
  A glowing shapeshifter simulacrum (Zig:8)
  2 spectral wargs (Depths:4)
  Dowan (D:6)
  12 wyvern skeletons
  4 scorpions
  A queen bee zombie (Crypt:1)
  A troll zombie (Crypt:3)
  4 elf simulacra
  5 killer bees (D:6)
  6 electric eels
  2 troll skeletons
  24 wights
  A howler monkey (D:11)
  5 crimson imps
  3 human simulacra
  4 quasits
  4 centaur zombies
  3 bullfrog zombies
  2 gnoll shamans
  Crazy Yiuf (D:4)
  Ijyb (D:3)
  12 hounds
  7 jellies
  43 orc priests
  55 orc wizards
  2 bullfrog skeletons (D:8)
  8 centaur skeletons
  2 iguanas
  44 iron imps
  A hell rat (Zig:5)
  30 worker ants
  7 lightning spires
  An acid dragon zombie (Crypt:2)
  2 hound zombies (D:6)
  4 hound skeletons
  265 mummies
  A howler monkey zombie (Crypt:1)
  18 gnolls
  13 adders
  A river rat (Sewer)
  A shadow imp (Orc:2)
  17 white imps
  4 ufetubi
  3 oozes
  2 adder skeletons
  5 worms
  4 dart slugs
  6 leopard geckos
  118 orcs
  7 ball pythons
  16 bats
  5 giant cockroaches
  16 goblins
  4 hobgoblins
  14 jackals
  21 kobolds
  6 quokkas
  A ball python zombie (Crypt:1)
  9 frilled lizards
  6 gnoll skeletons (Ossuary)
  A goblin zombie (Crypt:1)
  A jackal skeleton (D:4)
  3 kobold skeletons (Ossuary)
  A leopard gecko skeleton (D:4)
  17 orc skeletons
  An orc zombie (Crypt:2)
  13 rats
  10 ball lightnings
  91 blocks of ice
  9 briar patches (Zig:16)
  67 fire vortices
  2 lurking horrors (Abyss:3)
  8 plants
  31 starspawn tentacles
  2 withered plants (Crypt:3)
12958 creatures vanquished.

Vanquished Creatures (collateral kills)
  A golden dragon (Zig:27)
  A hellephant (Zig:9)
  An azure jelly (Zig:20)
  An emperor scorpion (Spider:4)
  A dire elephant (Zig:5)
  Snorg (Lair:4)
  A great orb of eyes (Zig:20)
  2 wolf spiders (Spider:4)
  A torpor snail (shapeshifter) (Zig:7)
  A jumping spider (Spider:4)
  3 slime creatures
  A blink frog (Lair:4)
15 creatures vanquished.

Vanquished Creatures (others)
  The ghost of Ygonacw the Petrodigitator, a legendary GrEE of Vehumet (Zig:27)
  2 ancient liches
  3 pandemonium lords
  A quicksilver dragon (Zig:5)
  A shadow dragon (Zig:5)
  A draconian monk (Zig:23)
  2 fire giants (Zig:13)
  2 revenants (Zig:27)
  A vault warden (Zig:22)
  A draconian scorcher (Zig:23)
  2 juggernaut zombies (Zig:16)
  A balrug (Zig:17)
  2 very ugly things
  A green draconian (Zig:23)
  2 deep elf annihilators
  A bunyip (Zig:6)
  An eidolon (Zig:27)
  A deep elf death mage (Zig:27)
  A fire dragon (Zig:13)
  A green death (Zig:16)
  2 hydras (Zig:6)
  A hell beast (Zig:11)
  A monstrous demonspawn (Pan)
  An alligator (Swamp:3)
  A dancing weapon (Zig:8)
  An orc high priest (Orc:2)
  2 deep elf knights (Elf:2)
  A soul eater (Pan)
  A sun demon (Pan)
  A golden dragon zombie (Zig:16)
  2 death drakes
  A wretched star (Zig:20)
  A goliath frog (Zig:6)
  A bog body (Swamp:1)
  2 shadow demons (Pan)
  2 swamp dragons
  5 apocalypse crabs
  2 orange demons (Pan)
  2 smoke demons
  A rime drake (Zig:5)
  A hellwing (Pan)
  2 tormentors
  2 bloated husks
  A tyrant leech (Swamp:4)
  3 hornets
  A raiju (Abyss:3)
  A redback (shapeshifter) (Zig:23)
  A ynoxinul (Abyss:3)
  7 large abominations
  A water elemental (Zig:17)
  A neqoxec (Pan)
  2 golden eyes (Abyss:3)
  2 fire elementals
  4 humans (D:12)
  A fire bat (Pan)
  2 chaos spawn
  A vampire mosquito (Zig:6)
  A naga (Zig:25)
  2 acid dragons
  An orc warrior (Orc:2)
  A manticore skeleton (Abyss:3)
  10 small abominations (Abyss:3)
  2 quasits
  A centaur skeleton (Abyss:3)
  An orc wizard (Orc:2)
  2 adders (D:12)
  An ufetubus (Abyss:3)
  A kobold (D:3)
  58 ball lightnings
  201 blocks of ice
  A briar patch (Zig:16)
  5 demonic plants (Abyss:3)
  126 fire vortices
  38 foxfires
  75 fungi
  A lurking horror (Abyss:2)
  200 plants
  32 starspawn tentacles
  27 withered plants (Crypt:3)
879 creatures vanquished.

Grand Total: 13852 creatures vanquished

Notes
Turn   | Place    | Note
-------+----------+-------------------------------------------
     0 | D:1      | Mervan the Gargoyle Earth Elementalist began the quest for
                  | the Orb.
     0 | D:1      | Reached XP level 1. HP: 10/10 MP: 3/3
   129 | D:1      | Reached XP level 2. HP: 15/15 MP: 0/5
   486 | D:1      | Reached XP level 3. HP: 10/19 MP: 5/7
   490 | D:1      | Learned a level 3 spell: Stone Arrow
  1247 | D:2      | Reached skill level 1 in Conjurations
  1535 | D:2      | Reached XP level 4. HP: 24/24 MP: 8/8
  2278 | D:3      | Found a glowing drain.
  2291 | Sewer    | Entered a sewer
  2599 | Sewer    | Reached skill level 5 in Earth Magic
  2599 | Sewer    | Reached XP level 5. HP: 22/28 MP: 7/9
  3543 | D:3      | Noticed Ijyb
  3678 | D:3      | Found a glowing golden altar of the Shining One.
  3678 | D:3      | Found a basalt altar of Yredelemnul.
  3739 | D:3      | Noticed a profane servitor
  3755 | D:3      | Noticed an angel
  3868 | D:3      | Killed Ijyb
  4000 | D:3      | Learned a level 5 spell: Lee's Rapid Deconstruction
  4219 | D:4      | Noticed an ogre
  4228 | D:4      | Killed an ogre
  4229 | D:4      | Reached XP level 6. HP: 32/32 MP: 7/11
  4278 | D:4      | Found a radiant altar of Vehumet.
  4284 | D:4      | Found an ancient bone altar of Kikubaaqudgha.
  4290 | D:4      | Became a worshipper of Vehumet
  4432 | D:4      | Found a sand-covered staircase.
  4440 | Ossuary  | Entered an ossuary
  4440 | Ossuary  | Noticed a wraith
  4440 | Ossuary  | Noticed a wraith
  4440 | Ossuary  | Noticed a wraith
  4885 | Ossuary  | Reached * piety under Vehumet
  4885 | Ossuary  | Offered knowledge of Foxfire by Vehumet.
  4995 | Ossuary  | Noticed a wraith
  5031 | Ossuary  | Killed a wraith
  5032 | Ossuary  | Reached XP level 7. HP: 13/36 MP: 1/13
  5574 | D:4      | Found a transporter.
  5624 | D:4      | Noticed hemabe71's ghost (amateur HuAr)
  5675 | D:4      | Found a transporter.
  5814 | D:4      | Found a runed translucent door.
  5815 | D:4      | Noticed Crazy Yiuf
  5821 | D:4      | Killed Crazy Yiuf
  5979 | D:5      | Entered Level 5 of the Dungeon
  6147 | D:5      | Reached skill level 1 in Fighting
  6147 | D:5      | Reached skill level 1 in Armour
  6307 | D:5      | Reached XP level 8. HP: 33/43 MP: 11/15
  6314 | D:5      | Reached skill level 1 in Maces & Flails
  6810 | D:5      | Found a transporter.
  6844 | D:5      | Reached skill level 5 in Spellcasting
  6936 | D:5      | Found a transporter.
  7177 | D:5      | Found a white marble altar of Elyvilon.
  7335 | D:5      | Offered knowledge of Freeze by Vehumet.
  7336 | D:5      | Reached skill level 5 in Conjurations
  7701 | D:6      | Reached ** piety under Vehumet
  7702 | D:6      | Reached XP level 9. HP: 50/50 MP: 11/17
  8208 | D:6      | Reached skill level 1 in Evocations
  8250 | D:6      | Noticed Duvessa
  8258 | D:6      | Noticed Dowan
  8260 | D:6      | Killed Duvessa
  8263 | D:6      | Killed Dowan
  8398 | D:6      | Found a glowing silver altar of Zin.
  8582 | D:6      | Found a staircase to the Ecumenical Temple.
  8591 | Temple   | Entered the Ecumenical Temple
  8912 | D:7      | Offered knowledge of Conjure Flame by Vehumet.
  8917 | D:7      | Noticed Harold
  8925 | D:7      | Noticed Menkaure
  8927 | D:7      | Killed Menkaure
  9116 | D:6      | Killed Harold
  9117 | D:6      | Reached XP level 10. HP: 58/58 MP: 17/19
  9207 | D:7      | Reached *** piety under Vehumet
  9231 | D:7      | Noticed Pikel
  9251 | D:7      | Killed Pikel
  9971 | D:8      | Found a snail-covered altar of Cheibriados.
 10032 | D:8      | Noticed a centaur warrior
 10033 | D:8      | Reached skill level 5 in Fighting
 10035 | D:8      | Noticed a cyclops
 10039 | D:8      | Reached skill level 5 in Armour
 10043 | D:8      | Noticed a centaur warrior
 10046 | D:8      | Offered knowledge of Static Discharge by Vehumet.
 10049 | D:8      | Killed a centaur warrior
 10050 | D:8      | Killed a cyclops
 10054 | D:8      | Killed a centaur warrior
 10055 | D:8      | Reached skill level 5 in Maces & Flails
 10055 | D:8      | Reached XP level 11. HP: 56/64 MP: 19/21
 10886 | D:8      | Noticed Psyche
 10895 | D:8      | Killed Psyche
 11299 | D:9      | Reached **** piety under Vehumet
 11418 | D:9      | Noticed a two-headed ogre
 11421 | D:9      | Killed a two-headed ogre
 11492 | D:9      | Gained mutation: You are weak. (Str -2) [potion of
                  | mutation]
 11492 | D:9      | Gained mutation: You are somewhat resistant to further
                  | mutation. [potion of mutation]
 11493 | D:9      | Lost mutation: You are somewhat resistant to further
                  | mutation. [potion of mutation]
 11493 | D:9      | Lost mutation: You are weak. (Str -2) [potion of mutation]
 11493 | D:9      | Gained mutation: You evolve. [potion of mutation]
 11493 | D:9      | Gained mutation: Your movements are slightly less
                  | encumbered by armour. (ER -2) [potion of mutation]
 11511 | D:9      | Killed an unseen horror
 11512 | D:9      | Reached skill level 5 in Dodging
 11644 | D:9      | Found a shadowy altar of Dithmenos.
 11674 | D:9      | Found a shadowy altar of Dithmenos.
 11885 | D:10     | Entered Level 10 of the Dungeon
 11917 | D:10     | Offered knowledge of Ignite Poison by Vehumet.
 12088 | D:10     | Noticed Erica
 12096 | D:10     | Killed Erica
 12146 | D:10     | Gained mutation: You have a pair of small antennae on your
                  | head. [evolution]
 12146 | D:10     | Lost mutation: You evolve. [end of evolution]
 12910 | D:10     | Identified a scroll of acquirement
 12910 | D:10     | Acquired the amulet of Coronation {Reflect rElec rF+++
                  | SH+5}
 13191 | D:11     | Noticed a cyan ugly thing
 13211 | D:11     | Killed a cyan ugly thing
 13212 | D:11     | Reached skill level 10 in Earth Magic
 13212 | D:11     | Reached XP level 12. HP: 61/71 MP: 16/23
 13223 | D:11     | Reached ***** piety under Vehumet
 13402 | D:11     | Offered knowledge of Iron Shot by Vehumet.
 13421 | D:11     | Learned a level 6 spell: Iron Shot
 13471 | D:11     | Reached skill level 5 in Evocations
 13697 | D:11     | Found a staircase to the Lair.
 14467 | D:11     | Got a fading falchion
 14468 | D:11     | Identified the +10 falchion "Faniul" {vorpal, *Drain Str+2
                  | Dex+7} (You found it on level 11 of the Dungeon)
 14500 | D:11     | Found an opulent altar of Gozag.
 14938 | D:12     | Noticed a two-headed ogre
 14947 | D:12     | Killed a two-headed ogre
 15143 | D:12     | Noticed Kirke
 15156 | D:12     | Killed Kirke
 15860 | D:12     | Reached XP level 13. HP: 78/78 MP: 9/25
 16047 | D:12     | Found a staircase to the Orcish Mines.
 16218 | D:12     | Noticed Urug
 16766 | D:12     | Killed Urug
 17481 | D:13     | Found a gate leading to a gauntlet.
 17495 | Gauntlet | Entered a Gauntlet
 17495 | Gauntlet | Found a transporter.
 17516 | Gauntlet | Found a transporter.
 17531 | Gauntlet | Found a transporter.
 17532 | Gauntlet | Found a transporter.
 17552 | Gauntlet | Found a transporter.
 17562 | Gauntlet | Found a runed translucent door.
 17566 | Gauntlet | Found a transporter.
 17575 | Gauntlet | Found a transporter.
 17576 | Gauntlet | Found a transporter.
 17582 | Gauntlet | Noticed a blizzard demon
 17604 | Gauntlet | Found a transporter.
 17614 | Gauntlet | Noticed a death ooze
 17629 | Gauntlet | Found a transporter.
 17631 | Gauntlet | Found a transporter.
 17639 | Gauntlet | Found a transporter.
 17812 | Gauntlet | Got a smoking cloak
 17823 | Gauntlet | Identified the +3 cloak of Hepliaklqana's Regard {rCorr
                  | Str+2} (You found it in a Gauntlet)
 17994 | Gauntlet | Killed a death ooze
 18090 | Gauntlet | Identified the cursed +1 hunting sling "Ereycoist" {vorpal,
                  | Str+4 Int+2}
 18090 | Gauntlet | Noticed a minotaur
 18095 | Gauntlet | Killed a minotaur
 18177 | Gauntlet | Got a crystal whip
 18894 | D:13     | Reached skill level 10 in Conjurations
 19377 | D:13     | Found a gate to the Vaults.
 19381 | D:13     | Reached skill level 1 in Long Blades
 19917 | D:13     | Identified the cursed +0 whip "Extoitwi" {elec, rPois rF++
                  | rC- Will+} (You found it in a Gauntlet)
 20492 | D:14     | Found a shadowy altar of Dithmenos.
 20873 | D:15     | Entered Level 15 of the Dungeon
 20963 | Lair:1   | Entered Level 1 of the Lair of Beasts
 21037 | Lair:1   | Gained mutation: Your large and strong wings let you fly
                  | indefinitely. [Gargoyle growth]
 21037 | Lair:1   | Reached XP level 14. HP: 82/86 MP: 26/26
 21335 | Lair:1   | Reached skill level 5 in Long Blades
 22041 | Lair:2   | Reached ****** piety under Vehumet
 22229 | Lair:2   | Noticed Fannar
 22239 | Lair:2   | Killed Fannar
 22309 | Lair:2   | Offered knowledge of Iskenderun's Battlesphere by Vehumet.
 22686 | Lair:2   | Found a hole to the Spider Nest.
 22936 | Lair:2   | Found a staircase to the Swamp.
 23521 | Lair:3   | Found the +7 great mace "Firestarter" {inner flame, rF++}
 24218 | Lair:3   | You are sucked into a shaft and drop 1 floor!
 24804 | Lair:4   | Noticed Nergalle
 24824 | Lair:4   | Killed Nergalle
 24834 | Lair:4   | Noticed Snorg
 24843 | Lair:4   | Killed Snorg
 24989 | Lair:4   | Reached skill level 10 in Fighting
 25231 | Lair:4   | Offered knowledge of Freezing Cloud by Vehumet.
 26049 | Lair:4   | Upgraded the game from 0.26-a0-1129-gc5df7fbe6a to
                  | 0.26-a0-1131-g5f66e2dd50
 26646 | Lair:5   | Reached XP level 15. HP: 93/93 MP: 28/28
 27454 | Lair:5   | Found a staircase to the Slime Pits.
 27631 | Lair:6   | Entered Level 6 of the Lair of Beasts
 28905 | Lair:6   | Offered knowledge of Lightning Bolt by Vehumet.
 29403 | Lair:6   | Reached skill level 10 in Spellcasting
 30446 | Orc:1    | Entered Level 1 of the Orcish Mines
 30820 | Orc:2    | Entered Level 2 of the Orcish Mines
 30869 | Orc:2    | Found Harph's Jewellery Boutique.
 31197 | Orc:2    | Offered knowledge of Yara's Violent Unravelling by Vehumet.
 31198 | Orc:2    | Reached XP level 16. HP: 101/101 MP: 30/30
 31231 | Orc:2    | Paralysed by an orc sorcerer for 4 turns
 31854 | Orc:2    | Found Vudeps's General Store.
 31879 | Orc:2    | Reached skill level 10 in Maces & Flails
 31913 | Orc:2    | Bought a potion of heal wounds for 50 gold pieces
 31913 | Orc:2    | Bought a potion of curing for 30 gold pieces
 31913 | Orc:2    | Bought a potion of heal wounds for 50 gold pieces
 31928 | Orc:2    | Found Idadgh's Antique Weapon Emporium.
 31965 | Orc:2    | Found Jiqoif's Antique Armour Shop.
 32298 | Orc:1    | Offered knowledge of Ozocubu's Refrigeration by Vehumet.
 32603 | Orc:2    | Found a staircase to the Elven Halls.
 33234 | D:4      | Killed hemabe71's ghost
 33769 | D:15     | Noticed Azrael
 33774 | D:15     | Killed Azrael
 34187 | D:15     | Found a staircase to the Depths.
 35220 | Spider:1 | Entered Level 1 of the Spider Nest
 35361 | Spider:1 | Offered knowledge of Conjure Ball Lightning by Vehumet.
 35990 | Spider:1 | Reached XP level 17. HP: 58/109 MP: 29/31
 36832 | Spider:1 | Learned a level 5 spell: Irradiate
 38367 | Spider:2 | Noticed Arachne
 38528 | Spider:2 | Killed Arachne
 39689 | Spider:3 | Reached skill level 10 in Evocations
 40104 | Spider:3 | Got a pair of heavily runed boots
 40105 | Spider:3 | Identified the +0 pair of boots of the Rose {-Tele Str+3
                  | Dex+2} (You found it on level 3 of the Spider Nest)
 40465 | Spider:3 | Learned a level 6 spell: Conjure Ball Lightning
 41006 | Spider:4 | Entered Level 4 of the Spider Nest
 42476 | Spider:4 | Reached skill level 10 in Dodging
 43034 | Spider:4 | Reached skill level 15 in Fighting
 43034 | Spider:4 | Reached XP level 18. HP: 85/119 MP: 30/33
 43132 | Spider:4 | Offered knowledge of Lehudib's Crystal Spear by Vehumet.
 43132 | Spider:4 | Offered knowledge of Shatter by Vehumet.
 43132 | Spider:4 | Offered knowledge of Ignition by Vehumet.
 43242 | Spider:3 | Learned a level 8 spell: Ignition
 43263 | Spider:4 | Reached skill level 1 in Fire Magic
 43677 | Spider:4 | Reached skill level 5 in Fire Magic
 44303 | Spider:4 | Got a gossamer rune of Zot
 44535 | Swamp:1  | Entered Level 1 of the Swamp
 45906 | Swamp:2  | Noticed a tentacled monstrosity
 45914 | Swamp:2  | Killed a tentacled monstrosity
 45930 | Swamp:2  | Learned a level 5 spell: Fireball
 47391 | Swamp:3  | Reached skill level 10 in Fire Magic
 47718 | Swamp:3  | Found an ancient bone altar of Kikubaaqudgha.
 48534 | Swamp:3  | Noticed a tentacled monstrosity
 48558 | Swamp:3  | Killed a tentacled monstrosity
 48759 | Swamp:4  | Entered Level 4 of the Swamp
 48761 | Swamp:4  | Reached XP level 19. HP: 124/124 MP: 34/34
 48924 | Elf:1    | Entered Level 1 of the Elven Halls
 49786 | Elf:1    | Noticed Agnes
 50041 | Elf:1    | Killed Agnes
 50728 | Elf:1    | Found Xazuj's Jewellery Shop.
 51324 | Elf:2    | Found a huge runed translucent gate.
 51324 | Elf:2    | Found a huge runed translucent gate.
 51325 | Elf:2    | Found a huge runed translucent gate.
 51326 | Elf:2    | Found a huge runed translucent gate.
 51355 | Elf:2    | Found a huge runed translucent gate.
 52314 | Elf:3    | Entered Level 3 of the Elven Halls
 52354 | Elf:3    | Found Upun Zou's Gadget Emporium.
 52990 | Elf:3    | Reached skill level 15 in Fire Magic
 52992 | Elf:3    | Reached XP level 20. HP: 80/129 MP: 35/35
 52997 | Elf:3    | Cast into level 3 of the Abyss (a deep elf sorcerer)
 53221 | Abyss:3  | Paralysed by a great orb of eyes for 3 turns
 53844 | Abyss:3  | Found a corrupted altar of Lugonu.
 53879 | Abyss:3  | Noticed a bone dragon
 53886 | Abyss:3  | Killed a bone dragon
 54236 | Abyss:3  | Gained mutation: You are weak. (Str -2) [a neqoxec]
 54318 | Abyss:3  | Found a corrupted altar of Lugonu.
 54397 | Abyss:3  | Found a corrupted altar of Lugonu.
 54634 | Abyss:3  | Found a corrupted altar of Lugonu.
 54860 | Abyss:3  | Found a corrupted altar of Lugonu.
 55766 | Abyss:3  | Found a corrupted altar of Lugonu.
 55777 | Abyss:3  | Reached skill level 15 in Earth Magic
 55785 | Elf:3    | Escaped the Abyss
 55957 | Elf:3    | Lost mutation: You are weak. (Str -2) [potion of mutation]
 55957 | Elf:3    | Lost mutation: Your movements are slightly less encumbered
                  | by armour. (ER -2) [potion of mutation]
 55957 | Elf:3    | Gained mutation: You can translocate small distances at
                  | will. [potion of mutation]
 55957 | Elf:3    | Gained mutation: You are clumsy. (Dex -2) [potion of
                  | mutation]
 55957 | Elf:3    | Gained mutation: You have large cloven feet. [potion of
                  | mutation]
 55970 | Elf:3    | Identified the +7 mace of Doom {vorpal, rElec rPois Int+4}
 55970 | Elf:3    | Identified the +2 robe of Paranoia {rC+ Dex+4}
 55979 | Elf:3    | Identified the +10 war axe of Nusi {drain, +Fly Stlth+}
 56097 | Elf:3    | Identified the cursed +0 halberd "Soawe" {spect, Int+2}
 56102 | Elf:3    | Identified the cursed +0 halberd "Soawe" {spect, Int+2}
 56199 | Elf:3    | Identified the Volume of Congealing Air
 56305 | Elf:3    | Identified Sif Muna's Almanac of Ghastly Dislocation
 56315 | Elf:3    | Got an ancient great mace
 56316 | Elf:3    | Identified the cursed +0 great mace of Contradiction
                  | {spect, rF+ Will+ Str-3 Dex+2} (You found it on level 3 of
                  | the Elven Halls)
 56323 | Elf:3    | Identified the Tome of the Wary Youths
 56334 | Elf:3    | Acquired 830 gold pieces
 57140 | Swamp:4  | Reached XP level 21. HP: 127/135 MP: 29/36
 57904 | Swamp:4  | Got a decaying rune of Zot
 58267 | Vaults:1 | Entered Level 1 of the Vaults
 58285 | Vaults:1 | Found a magical portal.
 58301 | WizLab   | Entered Iskenderun's Mystic Tower
 60993 | WizLab   | Identified Iskenderun's Handbook of Battle Magic
 60993 | WizLab   | Identified Iskenderun's Volume of Attacks
 61309 | Vaults:1 | Found an opulent altar of Gozag.
 61331 | Vaults:1 | Found Muerph's Distillery.
 61340 | Vaults:1 | Bought a potion of curing for 57 gold pieces
 61340 | Vaults:1 | Bought a potion of haste for 190 gold pieces
 61340 | Vaults:1 | Bought a potion of heal wounds for 95 gold pieces
 61340 | Vaults:1 | Bought a potion of might for 76 gold pieces
 61340 | Vaults:1 | Bought a potion of brilliance for 76 gold pieces
 61536 | Vaults:1 | Got a pitted silver ring
 61537 | Vaults:1 | Identified the ring of Tuysez {rF+ SInv} (You found it on
                  | level 1 of the Vaults)
 62690 | Vaults:1 | You are sucked into a shaft and drop 1 floor!
 62776 | Vaults:2 | Reached XP level 22. HP: 119/142 MP: 36/38
 64942 | Vaults:3 | Found a staircase to the Crypt.
 64942 | Vaults:3 | Found a basalt altar of Yredelemnul.
 64943 | Vaults:3 | Found an ancient bone altar of Kikubaaqudgha.
 65463 | Vaults:3 | You are sucked into a shaft and drop 1 floor!
 65800 | Vaults:4 | Reached skill level 15 in Conjurations
 65800 | Vaults:4 | Reached XP level 23. HP: 55/148 MP: 40/40
 67067 | Vaults:4 | Paralysed by an orc sorcerer for 7 turns
 67362 | Vaults:3 | Found Ceblehauki's Jewellery Emporium.
 68007 | Vaults:3 | Learned a level 9 spell: Shatter
 68857 | Vaults:5 | Entered Level 5 of the Vaults
 69185 | Vaults:5 | Reached XP level 24. HP: 100/156 MP: 39/40
 70382 | Vaults:5 | Identified the cursed +0 pair of gloves "Destaw" {*Corrode
                  | rElec rN+++ Int-3} (You found it on level 5 of the Vaults)
 70451 | Vaults:5 | Got a warped brass amulet
 70452 | Vaults:5 | Identified the amulet "Gynohuo" {RegenMP Int+3} (You found
                  | it on level 5 of the Vaults)
 70460 | Vaults:5 | Got a fine mace
 70461 | Vaults:5 | Identified the +10 mace of Qizinkax {vorpal, rC+ rN+} (You
                  | found it on level 5 of the Vaults)
 70521 | Vaults:5 | Found Bureceoz's Antique Weapon Boutique.
 70720 | Vaults:5 | Found the cursed +13 scythe of Curses {drain, *Curse}
 70832 | Vaults:5 | Identified the Almanac of the Ensnaring Voyage
 70910 | Vaults:5 | Got a silver rune of Zot
 71019 | Vaults:5 | Upgraded the game from 0.26-a0-1131-g5f66e2dd50 to
                  | 0.26-a0-1132-ge9770dfcb6
 71277 | Depths:1 | Entered Level 1 of the Depths
 71517 | Depths:1 | Found a shimmering altar of Xom.
 71794 | D:15     | Acquired the +10 great mace of Panloibb {vorpal, +Rage
                  | rPois rC+}
 72267 | Depths:1 | Found a gateway to Hell.
 72377 | Depths:1 | Found a gateway to a bazaar.
 72382 | Bazaar   | Entered a bazaar
 72401 | Bazaar   | Found Qoeraod's Magic Scroll Shop.
 72401 | Bazaar   | Found Feujifuy's Jewellery Boutique.
 72430 | Bazaar   | Bought 3 scrolls of enchant armour for 270 gold pieces
 72430 | Bazaar   | Bought a scroll of teleportation for 36 gold pieces
 72430 | Bazaar   | Bought a scroll of identify for 24 gold pieces
 72430 | Bazaar   | Bought a scroll of fog for 24 gold pieces
 72430 | Bazaar   | Bought a scroll of identify for 24 gold pieces
 72430 | Bazaar   | Bought a scroll of enchant weapon for 90 gold pieces
 72433 | Bazaar   | Bought the ring of Phasing {EV+8} for 1280 gold pieces
 72433 | Bazaar   | Found the ring of Phasing {EV+8}
 72968 | Depths:2 | Paralysed by a great orb of eyes for 3 turns
 73555 | Depths:2 | Reached XP level 25. HP: 158/162 MP: 27/41
 74109 | Depths:2 | Found a gateway to a ziggurat.
 75623 | Depths:3 | Found a one-way gate leading to the halls of Pandemonium.
 76382 | Depths:4 | Reached XP level 26. HP: 170/170 MP: 32/41
 76409 | Depths:4 | Reached skill level 15 in Spellcasting
 77345 | Depths:4 | Found a one-way gate to the infinite horrors of the Abyss.
 77373 | Depths:4 | Found The Legendary Wygou's Legendary Smithy.
 77565 | Depths:4 | Found a blossoming altar of Fedhas.
 77612 | Depths:4 | Found Rukh's Miraculous Elixirs.
 77653 | Depths:4 | Found Juent's General Store.
 77657 | Depths:4 | Reached skill level 15 in Maces & Flails
 77664 | Depths:4 | Bought a scroll of identify for 34 gold pieces
 77664 | Depths:4 | Bought a potion of curing for 51 gold pieces
 78281 | Depths:5 | Entered Level 5 of the Depths
 78281 | Depths:5 | Noticed Xtahua
 78288 | Depths:5 | Killed Xtahua
 78510 | Depths:5 | Identified the +5 morningstar of Tortfeasance {flame,
                  | +Blink rF- Str+8 Stlth-} (You found it on level 5 of the
                  | Depths)
 78572 | Depths:5 | Noticed Boris
 78578 | Depths:5 | Killed Boris
 78579 | Depths:5 | Noticed Larunk's ghost (veteran DgAE)
 78755 | Depths:5 | Killed Larunk's ghost
 78875 | Depths:5 | Noticed Vuurchuto's ghost (veteran GnTm)
 78908 | Depths:5 | Killed Vuurchuto's ghost
 79197 | Depths:5 | Found a runed translucent gate.
 79197 | Depths:5 | Found a runed translucent gate.
 79197 | Depths:5 | Found a runed translucent gate.
 79200 | Depths:5 | Identified the +1 helmet of Submission {*Contam rPois rF+
                  | Regen+} (You found it on level 5 of the Depths)
 79439 | Depths:5 | Identified the +1 robe of the Apothecary {rPois Slay+3}
 80119 | Depths:5 | Found a gate to the Realm of Zot.
 80912 | Crypt:1  | Entered Level 1 of the Crypt
 80912 | Crypt:1  | Found a basalt altar of Yredelemnul.
 80921 | Crypt:1  | Reached XP level 27. HP: 177/177 MP: 42/42
 83162 | Crypt:3  | Entered Level 3 of the Crypt
 83572 | Crypt:3  | Noticed Margery
 83583 | Crypt:3  | Killed Margery
 83938 | Crypt:3  | Found a basalt altar of Yredelemnul.
 84504 | Crypt:3  | Identified the +8 hand crossbow "Ohacau Ycsoh" {penet, +Inv
                  | rC+ Will+}
 84713 | Crypt:3  | Noticed a royal mummy
 84719 | Crypt:3  | Killed a royal mummy
 84739 | Crypt:3  | Found a staircase to the Tomb.
 84943 | Crypt:3  | Identified the +1 robe of Autumn {rF- Will+++ Str+3 Dex-4}
                  | (You found it on level 3 of the Crypt)
 85344 | Crypt:3  | Identified the Reference Book on Evil Magic
 85416 | Crypt:3  | Identified Reizoefu's Grimoire of Beguiling
 86231 | Slime:1  | Entered Level 1 of the Pits of Slime
 86273 | Slime:2  | Reached skill level 15 in Dodging
 86430 | Slime:4  | Gained mutation: You tend to lose your temper in combat. [a
                  | shining eye]
 86435 | Slime:5  | Entered Level 5 of the Pits of Slime
 86492 | Slime:5  | Noticed the Royal Jelly
 86499 | Slime:5  | Killed the Royal Jelly
 86722 | Slime:5  | Gained mutation: You occasionally shout uncontrollably at
                  | your foes. [a shining eye]
 86723 | Slime:5  | Gained mutation: You are very clumsy. (Dex -4) [a shining
                  | eye]
 86862 | Slime:5  | Found the +5 sword of Power {vorpal}
 86895 | Slime:5  | Found the +8 Wrath of Trog {antimagic, *Rage}
 86916 | Slime:5  | Got a slimy rune of Zot
 86918 | Slime:5  | Identified the cursed +1 leather armour of the Secret
                  | Quests {rPois Dex+3} (You found it on level 5 of the Pits
                  | of Slime)
 86965 | Slime:5  | Acquired a +0 eveningstar of holy wrath
 87022 | Slime:5  | Lost mutation: You occasionally shout uncontrollably at
                  | your foes. [potion of mutation]
 87022 | Slime:5  | Lost mutation: You tend to lose your temper in combat.
                  | [potion of mutation]
 87022 | Slime:5  | Lost mutation: You are very clumsy. (Dex -4) [potion of
                  | mutation]
 87022 | Slime:5  | Lost mutation: You have a pair of small antennae on your
                  | head. [potion of mutation]
 87022 | Slime:5  | Gained mutation: Your muscles are strong. (Str +2) [potion
                  | of mutation]
 87022 | Slime:5  | Gained mutation: You are partially covered in slimy green
                  | scales. (AC +2) [potion of mutation]
 87363 | D:15     | Learned a level 8 spell: Necromutation
 87441 | Zig:1    | Entered Level 1 of a ziggurat
 87454 | Zig:1    | Reached skill level 1 in Transmutations
 87466 | Zig:2    | Entered Level 2 of a ziggurat
 87488 | Zig:3    | Entered Level 3 of a ziggurat
 87490 | Zig:3    | Reached skill level 1 in Necromancy
 87526 | Zig:4    | Entered Level 4 of a ziggurat
 87558 | Zig:5    | Entered Level 5 of a ziggurat
 87581 | Zig:6    | Entered Level 6 of a ziggurat
 87601 | Zig:6    | Identified Zaxohem's Tome of Earthen Cold
 87625 | Zig:7    | Entered Level 7 of a ziggurat
 87832 | Zig:7    | Got a translucent platinum ring
 87833 | Zig:7    | Identified the ring "Finologi" {Wiz Int+2 Dex+3} (You found
                  | it on level 7 of a ziggurat)
 87948 | Zig:8    | Entered Level 8 of a ziggurat
 87958 | Zig:8    | Reached skill level 5 in Transmutations
 87963 | Zig:8    | Identified Wizardry in Simple Steps
 87976 | Zig:8    | Identified the +0 leather armour of Action {Int+4 SInv}
                  | (You found it on level 8 of a ziggurat)
 87991 | Zig:9    | Entered Level 9 of a ziggurat
 88001 | Zig:9    | Reached skill level 5 in Necromancy
 88019 | Zig:9    | Identified the +0 robe of Tadius Kuna {Will+} (You found it
                  | on level 9 of a ziggurat)
 88032 | Zig:9    | Identified the +0 pair of gloves of Kaurgheyza {Str+2} (You
                  | found it on level 9 of a ziggurat)
 88036 | Zig:10   | Entered Level 10 of a ziggurat
 88111 | Zig:10   | Identified the Incunabulum of the Dark Escort
 88145 | Zig:11   | Entered Level 11 of a ziggurat
 88298 | Zig:11   | Identified Husourph's Volume of Translocation and Poison
 88306 | Zig:11   | Identified the Guide on Mutagenic Contamination
 88311 | Zig:12   | Entered Level 12 of a ziggurat
 88366 | Zig:12   | Identified Daist's Catalogue of Stones and Confrontation
 88373 | Zig:13   | Entered Level 13 of a ziggurat
 88401 | Zig:13   | Identified the +7 morningstar of Gaxiobb {holy, +Blink
                  | Int+5} (You found it on level 13 of a ziggurat)
 88432 | Zig:13   | Got a translucent lead amulet
 88433 | Zig:13   | Identified the amulet of Conformity {Inacc rN+ Str+2} (You
                  | found it on level 13 of a ziggurat)
 88439 | Zig:13   | Identified the Volume of Evil Magic
 88454 | Zig:14   | Entered Level 14 of a ziggurat
 88463 | Zig:14   | Noticed Aneuf the pandemonium lord
 88467 | Zig:14   | Killed Aneuf the pandemonium lord
 88887 | Zig:15   | Entered Level 15 of a ziggurat
 88963 | Zig:15   | Acquired 1066 gold pieces
 88978 | Zig:15   | Learned a level 9 spell: Fire Storm
 88990 | Zig:15   | Got a faintly glowing lapis lazuli ring
 88991 | Zig:15   | Identified the ring of Esewiped {MP+9 Str+4 Dex+4} (You
                  | found it on level 15 of a ziggurat)
 89008 | Zig:16   | Entered Level 16 of a ziggurat
 89027 | Zig:16   | Reached skill level 10 in Necromancy
 89027 | Zig:16   | Reached skill level 10 in Transmutations
 89129 | Zig:16   | Got a smoking bronze amulet
 89130 | Zig:16   | Identified the amulet of Zusuus {Inacc rElec} (You found it
                  | on level 16 of a ziggurat)
 89180 | Zig:17   | Entered Level 17 of a ziggurat
 89202 | Zig:17   | Found the +8 longbow "Zephyr" {speed, Dex+3 SInv}
 89230 | Zig:17   | Identified the +2 robe of Salvation {Dex+4} (You found it
                  | on level 17 of a ziggurat)
 89234 | Zig:17   | Identified the Compendium of Icy Clay
 89302 | Zig:18   | Entered Level 18 of a ziggurat
 89342 | Zig:18   | Got a crude tin amulet
 89343 | Zig:18   | Identified the amulet "Cuhuheib" {Faith rPois rC++ Will+
                  | Stlth-} (You found it on level 18 of a ziggurat)
 89414 | Zig:19   | Entered Level 19 of a ziggurat
 89436 | Zig:19   | Found the ring of Robustness {AC+8}
 89454 | Zig:19   | Found the +7 sceptre of Torment {pain, torment}
 89457 | Zig:19   | Identified the +8 dire flail of Iredghynit {freeze,
                  | *Corrode rElec rC+ Will+} (You found it on level 19 of a
                  | ziggurat)
 89472 | Zig:19   | Got a steaming pewter ring
 89473 | Zig:19   | Identified the ring of Interdependent Arising {rPois rF+
                  | rC+} (You found it on level 19 of a ziggurat)
 89490 | Zig:19   | Identified the Papyrus of Harmful Darkness
 89493 | Zig:19   | Identified the +2 robe "Hejudd" {Dex+4} (You found it on
                  | level 19 of a ziggurat)
 89507 | Zig:20   | Entered Level 20 of a ziggurat
 89523 | Zig:20   | Reached skill level 15 in Necromancy
 89546 | Zig:20   | Found the +9 staff of Wucad Mu {channel}
 89580 | Zig:20   | Acquired 661 gold pieces
 89582 | Zig:20   | Identified Ciast's Incunabulum of Mutagenic Envenoming
 89682 | Zig:21   | Entered Level 21 of a ziggurat
 89690 | Zig:21   | Noticed a juggernaut
 89694 | Zig:21   | Noticed a juggernaut
 89697 | Zig:21   | Killed a juggernaut
 89698 | Zig:21   | Killed a juggernaut
 89698 | Zig:21   | Noticed a juggernaut
 89699 | Zig:21   | Noticed a juggernaut
 89699 | Zig:21   | Noticed a juggernaut
 89700 | Zig:21   | Noticed a juggernaut
 89702 | Zig:21   | Killed a juggernaut
 89703 | Zig:21   | Killed a juggernaut
 89703 | Zig:21   | Noticed a juggernaut
 89704 | Zig:21   | Killed a juggernaut
 89704 | Zig:21   | Killed a juggernaut
 89704 | Zig:21   | Noticed a juggernaut
 89706 | Zig:21   | Killed a juggernaut
 89708 | Zig:21   | Killed a juggernaut
 89708 | Zig:21   | Noticed a juggernaut
 89713 | Zig:21   | Killed a juggernaut
 89955 | Zig:21   | Learned a level 9 spell: Tornado
 89966 | Zig:21   | Identified the Papyrus of the Captivating Snowflakes
 89972 | Zig:21   | Identified the Catalogue of Sharkskin
 89977 | Zig:22   | Entered Level 22 of a ziggurat
 89997 | Zig:22   | Reached skill level 1 in Air Magic
 90005 | Zig:22   | Reached skill level 5 in Air Magic
 90285 | Zig:22   | Acquired 538 gold pieces
 90289 | Zig:22   | Identified the Incunabulum of the Escort
 90315 | Zig:23   | Entered Level 23 of a ziggurat
 90330 | Zig:23   | Reached skill level 10 in Air Magic
 90396 | Zig:23   | Identified the Papyrus of Dark Combat Magic
 90429 | Zig:24   | Entered Level 24 of a ziggurat
 90575 | Zig:24   | Identified Kaich's Compendium of the Volcanoes
 90586 | Zig:25   | Entered Level 25 of a ziggurat
 90609 | Zig:25   | Reached skill level 15 in Air Magic
 90675 | Zig:25   | Identified the amulet of the Endless Expanse {Inacc Dex+4}
                  | (You found it on level 25 of a ziggurat)
 90717 | Zig:25   | Identified the +6 morningstar "Ciad" {venom, +Inv Int+2}
                  | (You found it on level 25 of a ziggurat)
 90862 | Zig:26   | Entered Level 26 of a ziggurat
 90884 | Zig:26   | Noticed a royal mummy
 90886 | Zig:26   | Noticed a royal mummy
 90886 | Zig:26   | Noticed a royal mummy
 90887 | Zig:26   | Noticed a royal mummy
 90887 | Zig:26   | Noticed a royal mummy
 90888 | Zig:26   | Noticed a royal mummy
 90890 | Zig:26   | Killed a royal mummy
 90891 | Zig:26   | Killed a royal mummy
 90891 | Zig:26   | Killed a royal mummy
 90891 | Zig:26   | Killed a royal mummy
 90891 | Zig:26   | Noticed a royal mummy
 90892 | Zig:26   | Killed a royal mummy
 90893 | Zig:26   | Noticed a royal mummy
 90893 | Zig:26   | Noticed a royal mummy
 90894 | Zig:26   | Noticed a royal mummy
 90896 | Zig:26   | Killed a royal mummy
 90896 | Zig:26   | Killed a royal mummy
 90897 | Zig:26   | Killed a royal mummy
 90897 | Zig:26   | Killed a royal mummy
 90897 | Zig:26   | Killed a royal mummy
 90899 | Zig:26   | Noticed a royal mummy
 90899 | Zig:26   | Noticed a royal mummy
 90917 | Zig:26   | Killed a royal mummy
 90917 | Zig:26   | Killed a royal mummy
 91218 | Zig:26   | Identified the cursed ring of Osis Jiwk {Will+ Str-4 Int+2
                  | Dex+2} (You found it on level 26 of a ziggurat)
 91224 | Zig:26   | Identified the +2 robe "Lojaoll" {Str+2} (You found it on
                  | level 26 of a ziggurat)
 91261 | Zig:26   | Identified the ring of Vampiric Thralls {rN+ Will+ rCorr
                  | Dex-3} (You found it on level 26 of a ziggurat)
 91289 | Zig:26   | Identified the amulet of Yxkamoqeru {rF+ Will- Regen+ Str+2
                  | Dex+9} (You found it on level 26 of a ziggurat)
 91293 | Zig:27   | Entered Level 27 of a ziggurat
 91307 | Zig:27   | Noticed an ancient lich
 91308 | Zig:27   | Noticed an ancient lich
 91311 | Zig:27   | Noticed an ancient lich
 91312 | Zig:27   | Noticed an ancient lich
 91318 | Zig:27   | Killed an ancient lich
 91318 | Zig:27   | Killed an ancient lich
 91318 | Zig:27   | Killed an ancient lich
 91318 | Zig:27   | Killed an ancient lich
 91318 | Zig:27   | Noticed an ancient lich
 91320 | Zig:27   | Noticed an ancient lich
 91321 | Zig:27   | Killed an ancient lich
 91321 | Zig:27   | Noticed an ancient lich
 91323 | Zig:27   | Killed an ancient lich
 91324 | Zig:27   | Noticed an ancient lich
 91325 | Zig:27   | Killed an ancient lich
 91326 | Zig:27   | Killed an ancient lich
 91854 | Zig:27   | Identified the ring "Unul Jipt" {*Contam rElec rF+ rCorr}
                  | (You found it on level 27 of a ziggurat)
 91890 | Zig:27   | Identified the ring "Rashraho" {rElec MP+9 Str+4 Dex-4}
                  | (You found it on level 27 of a ziggurat)
 91892 | Zig:27   | Identified the +3 leather armour of Zassime {Stlth+} (You
                  | found it on level 27 of a ziggurat)
 92085 | Depths:4 | Voluntarily entered the Abyss.
 92309 | Abyss:1  | Found a corrupted altar of Lugonu.
 92316 | Depths:4 | Escaped the Abyss
 92528 | Depths:4 | Voluntarily entered the Abyss.
 93444 | Abyss:2  | Found a corrupted altar of Lugonu.
 93565 | Abyss:2  | Found a corrupted altar of Lugonu.
 93934 | Abyss:3  | Acquired 746 gold pieces
 94089 | Abyss:3  | Paralysed by accursed screaming for 1 turns
 94290 | Abyss:3  | Gained mutation: Your spells are a little easier to cast,
                  | but a little less powerful. [a neqoxec]
 94293 | Abyss:3  | Gained mutation: You tend to lose your temper in combat. [a
                  | neqoxec]
 94314 | Abyss:3  | Lost mutation: Your spells are a little easier to cast, but
                  | a little less powerful. [a neqoxec]
 94913 | Abyss:3  | Found a glowing golden altar of the Shining One.
 94934 | Abyss:3  | Noticed a juggernaut
 94940 | Abyss:3  | Killed a juggernaut
 94946 | Abyss:3  | Got an abyssal rune of Zot
 94969 | Depths:4 | Escaped the Abyss
 95126 | Depths:4 | Lost mutation: You can translocate small distances at will.
                  | [potion of mutation]
 95126 | Depths:4 | Lost mutation: You have large cloven feet. [potion of
                  | mutation]
 95126 | Depths:4 | Lost mutation: Your muscles are strong. (Str +2) [potion of
                  | mutation]
 95126 | Depths:4 | Lost mutation: You tend to lose your temper in combat.
                  | [potion of mutation]
 95126 | Depths:4 | Gained mutation: You are partially covered in large bone
                  | plates. (SH +4) [potion of mutation]
 95126 | Depths:4 | Gained mutation: Your mind is acute. (Int +2) [potion of
                  | mutation]
 95218 | Zig:1    | Entered Level 1 of a ziggurat
 95233 | Zig:1    | Identified the +3 leather armour of the Black Moon {Regen+
                  | Str+5 Int+2 Dex-3} (You found it on level 1 of a ziggurat)
 95237 | Zig:2    | Entered Level 2 of a ziggurat
 95253 | Zig:3    | Entered Level 3 of a ziggurat
 95376 | Zig:4    | Entered Level 4 of a ziggurat
 95509 | Zig:5    | Entered Level 5 of a ziggurat
 95522 | Zig:5    | Found the +9 heavy crossbow "Sniper" {vorpal, Acc+∞ SInv}
 95683 | Zig:6    | Entered Level 6 of a ziggurat
 95689 | Zig:6    | Found the brooch of Shielding {Spirit SH+8}
 95724 | Zig:6    | Got a vibrating gossamer ring
 95725 | Zig:6    | Identified the ring of Midsummer {rPois rC+ Str+3} (You
                  | found it on level 6 of a ziggurat)
 95731 | Zig:7    | Entered Level 7 of a ziggurat
 95877 | Zig:8    | Entered Level 8 of a ziggurat
 95883 | Zig:8    | Found the +3 Elemental Staff {rElec rF++ rC++ Will++ AC+5}
 95909 | Zig:8    | Got a crude jade ring
 95910 | Zig:8    | Identified the ring "Ydasij" {rF+ rN+} (You found it on
                  | level 8 of a ziggurat)
 95917 | Zig:9    | Entered Level 9 of a ziggurat
 95926 | Zig:9    | Identified the +2 tower shield of the Beggar {-Cast MP+9
                  | Dex+4}
 95958 | Zig:9    | Identified the Almanac of Earthen Evil
 96123 | Zig:10   | Entered Level 10 of a ziggurat
 96169 | Zig:10   | Identified the Grimoire of the Entourage and Heat
 96198 | Zig:10   | Learned a level 9 spell: Absolute Zero
 96201 | Zig:11   | Entered Level 11 of a ziggurat
 96213 | Zig:11   | Reached skill level 5 in Ice Magic
 96256 | Zig:11   | Got a faintly glowing bone amulet
 96257 | Zig:11   | Identified the amulet of the Will of the Gods {rElec rN+
                  | Regen+ Str-4} (You found it on level 11 of a ziggurat)
 96355 | Zig:12   | Entered Level 12 of a ziggurat
 96367 | Zig:12   | Noticed an ancient lich
 96367 | Zig:12   | Noticed an ancient lich
 96372 | Zig:12   | Killed an ancient lich
 96372 | Zig:12   | Killed an ancient lich
 96387 | Zig:12   | Got a faintly glowing glass ring
 96389 | Zig:12   | Identified the ring "Liethrete" {+Blink rC+ rN+} (You found
                  | it on level 12 of a ziggurat)
 96394 | Zig:12   | Identified the cursed +1 dire flail of Exquisite Death
                  | {speed, Str+3} (You found it on level 12 of a ziggurat)
 96406 | Zig:13   | Entered Level 13 of a ziggurat
 96428 | Zig:13   | Found the amulet of Vitality {Regen+ HP+15}
 96536 | Zig:14   | Entered Level 14 of a ziggurat
 96544 | Zig:14   | Noticed Ziklonup the pandemonium lord
 96550 | Zig:14   | Noticed Colug the pandemonium lord
 96551 | Zig:14   | Killed Ziklonup the pandemonium lord
 96552 | Zig:14   | Noticed Wydimuv the pandemonium lord
 96553 | Zig:14   | Noticed Esotadul the pandemonium lord
 96556 | Zig:14   | Killed Colug the pandemonium lord
 96556 | Zig:14   | Noticed Konas the pandemonium lord
 96557 | Zig:14   | Reached skill level 15 in Ice Magic
 96557 | Zig:14   | Killed Wydimuv the pandemonium lord
 96559 | Zig:14   | Killed Esotadul the pandemonium lord
 96559 | Zig:14   | Killed Konas the pandemonium lord
 96565 | Zig:14   | Found the +6 shillelagh "Devastator" {shatter}
 96590 | Zig:14   | Identified the +1 leather armour of Edabaobb {Rampage Int-5
                  | Dex+5} (You found it on level 14 of a ziggurat)
 96601 | Zig:15   | Entered Level 15 of a ziggurat
 96641 | Zig:15   | Acquired 1223 gold pieces
 96664 | Zig:15   | Identified the +1 leather armour of Resourcefulness {rPois
                  | Regen+ Str+2 Dex+7} (You found it on level 15 of a
                  | ziggurat)
 96685 | Zig:16   | Entered Level 16 of a ziggurat
 96728 | Zig:16   | Got a warped golden ring
 96732 | Zig:16   | Identified the ring of Qisa {rPois rF+ MP+9 Int+3} (You
                  | found it on level 16 of a ziggurat)
 96766 | Zig:17   | Entered Level 17 of a ziggurat
 96813 | Zig:17   | Got a sparkling pewter ring
 96814 | Zig:17   | Identified the ring "Kisedoj" {Ice rElec rPois Str-2} (You
                  | found it on level 17 of a ziggurat)
 96834 | Zig:17   | Identified the Collected Works on Frigorific Combat Magic
 96963 | Zig:18   | Entered Level 18 of a ziggurat
 96979 | Zig:18   | Noticed a royal mummy
 96979 | Zig:18   | Noticed a royal mummy
 96979 | Zig:18   | Noticed a royal mummy
 96979 | Zig:18   | Noticed a royal mummy
 96979 | Zig:18   | Noticed a royal mummy
 96980 | Zig:18   | Killed a royal mummy
 96980 | Zig:18   | Killed a royal mummy
 96980 | Zig:18   | Killed a royal mummy
 96982 | Zig:18   | Killed a royal mummy
 96982 | Zig:18   | Killed a royal mummy
 97289 | Zig:18   | Identified the Papyrus of the Volcanoes
 97310 | Zig:18   | Identified the Reference Book on Warped Lightness
 97322 | Zig:19   | Entered Level 19 of a ziggurat
 97337 | Zig:19   | Reached skill level 5 in Staves
 97371 | Zig:19   | Got a fine amber ring
 97372 | Zig:19   | Identified the ring of Sogaicoxt {Int+6 Slay+3 SInv} (You
                  | found it on level 19 of a ziggurat)
 97380 | Zig:19   | Identified the Collected Works on the Blaze and the Birds
 97386 | Zig:19   | Identified the +3 morningstar of the Gloaming {vorpal,
                  | +Inv} (You found it on level 19 of a ziggurat)
 97397 | Zig:20   | Entered Level 20 of a ziggurat
 97514 | Zig:20   | Got a translucent bronze ring
 97532 | Zig:21   | Entered Level 21 of a ziggurat
 97542 | Zig:21   | Noticed Umok the pandemonium lord
 97545 | Zig:21   | Noticed Juottoym the pandemonium lord
 97545 | Zig:21   | Noticed Biebayke the pandemonium lord
 97545 | Zig:21   | Noticed Ginoed the pandemonium lord
 97545 | Zig:21   | Noticed Celinot the pandemonium lord
 97546 | Zig:21   | Noticed Ywuc the pandemonium lord
 97546 | Zig:21   | Noticed Moem the pandemonium lord
 97546 | Zig:21   | Noticed Jutasa the pandemonium lord
 97546 | Zig:21   | Noticed Jusasm the pandemonium lord
 97546 | Zig:21   | Noticed Jimulyeh the pandemonium lord
 97546 | Zig:21   | Noticed Susm the pandemonium lord
 97546 | Zig:21   | Noticed Duer the pandemonium lord
 97546 | Zig:21   | Noticed Fenk the pandemonium lord
 97546 | Zig:21   | Noticed Rasekkut the pandemonium lord
 97546 | Zig:21   | Noticed Pyujamna the pandemonium lord
 97547 | Zig:21   | Killed Jusasm the pandemonium lord
 97547 | Zig:21   | Killed Fenk the pandemonium lord
 97550 | Zig:22   | Entered Level 22 of a ziggurat
 97603 | Zig:22   | Found the +12 Vampire's Tooth {vamp}
 97792 | Zig:23   | Entered Level 23 of a ziggurat
 97801 | Zig:23   | Noticed Wasoedd the pandemonium lord
 97801 | Zig:23   | Noticed Qahavu the pandemonium lord
 97805 | Zig:23   | Noticed Seraforph the pandemonium lord
 97805 | Zig:23   | Noticed Wounwiwi the pandemonium lord
 97805 | Zig:23   | Noticed Xotalocu the pandemonium lord
 97805 | Zig:23   | Noticed Xuephoc the pandemonium lord
 97805 | Zig:23   | Noticed Huisal the pandemonium lord
 97806 | Zig:23   | Noticed Uxtae the pandemonium lord
 97806 | Zig:23   | Noticed Duemekly the pandemonium lord
 97806 | Zig:23   | Noticed Kynioz the pandemonium lord
 97806 | Zig:23   | Noticed Ufeev the pandemonium lord
 97806 | Zig:23   | Noticed Pakou the pandemonium lord
 97806 | Zig:23   | Noticed Funifo the pandemonium lord
 97806 | Zig:23   | Noticed Ilaqoc the pandemonium lord
 97806 | Zig:23   | Noticed Wimogike the pandemonium lord
 97806 | Zig:23   | Noticed Cayc Neo the pandemonium lord
 97806 | Zig:23   | Noticed Vufegg the pandemonium lord
 97806 | Zig:23   | Noticed Mafulock the pandemonium lord
 97806 | Zig:23   | Noticed Leuvaw the pandemonium lord
 97807 | Zig:23   | Noticed Sairysear the pandemonium lord
 97810 | Zig:23   | Killed Pakou the pandemonium lord
 97811 | Zig:23   | Killed Cayc Neo the pandemonium lord
 97812 | Zig:23   | Found the +11 plutonium sword {*Contam Stlth-}
 97812 | Zig:23   | Found the +10 zealot's sword {holy, *Rage rN+ EV+3}
 97812 | Zig:23   | Killed Xotalocu the pandemonium lord
 97812 | Zig:23   | Killed Mafulock the pandemonium lord
 97812 | Zig:23   | Killed Kynioz the pandemonium lord
 97812 | Zig:23   | Killed Ilaqoc the pandemonium lord
 97812 | Zig:23   | Killed Uxtae the pandemonium lord
 97812 | Zig:23   | Killed Leuvaw the pandemonium lord
 97813 | Zig:23   | Killed Vufegg the pandemonium lord
 97816 | Zig:23   | Killed Huisal the pandemonium lord
 97820 | Zig:24   | Entered Level 24 of a ziggurat
 97848 | Zig:24   | Noticed an ancient lich
 97850 | Zig:24   | Killed an ancient lich
 97856 | Zig:24   | Noticed an ancient lich
 97858 | Zig:24   | Noticed an ancient lich
 97859 | Zig:24   | Killed an ancient lich
 97859 | Zig:24   | Killed an ancient lich
 97860 | Zig:24   | Reached skill level 27 in Fighting
 97860 | Zig:24   | Noticed an ancient lich
 97862 | Zig:24   | Noticed an ancient lich
 97864 | Zig:24   | Killed an ancient lich
 97864 | Zig:24   | Killed an ancient lich
 97877 | Zig:24   | Found the ring of the Octopus King
 98105 | Zig:25   | Entered Level 25 of a ziggurat
 98122 | Zig:25   | Noticed a juggernaut
 98127 | Zig:25   | Killed a juggernaut
 98188 | Zig:25   | Identified Jiemot's Compendium of Fiery Flight
 98301 | Zig:26   | Entered Level 26 of a ziggurat
 98332 | Zig:26   | Reached skill level 27 in Spellcasting
 98350 | Zig:26   | Learned a level 9 spell: Death's Door
 98379 | Zig:26   | Got a vibrating pewter amulet
 98380 | Zig:26   | Identified the amulet of the Mantidfly {Reflect rPois SH+5}
                  | (You found it on level 26 of a ziggurat)
 98382 | Zig:26   | Identified the ring of Yril {rN+ Dex+2} (You found it on
                  | level 20 of a ziggurat)
 98517 | Zig:27   | Entered Level 27 of a ziggurat
 98657 | Zig:27   | Got a shimmering amethyst amulet
 98659 | Zig:27   | Identified the amulet of Doubts {Spirit rN+} (You found it
                  | on level 27 of a ziggurat)
 98842 | Zig:1    | Entered Level 1 of a ziggurat
 98977 | Zig:2    | Entered Level 2 of a ziggurat
 99022 | Zig:3    | Entered Level 3 of a ziggurat
 99075 | Zig:4    | Entered Level 4 of a ziggurat
 99241 | Zig:5    | Entered Level 5 of a ziggurat
 99286 | Zig:6    | Entered Level 6 of a ziggurat
 99352 | Zig:7    | Entered Level 7 of a ziggurat
 99357 | Zig:7    | Noticed Wiumithyfo the pandemonium lord
 99358 | Zig:7    | Noticed Masatiwo the pandemonium lord
 99358 | Zig:7    | Gained mutation: You are frail. (-10% HP) [a shining eye]
 99368 | Zig:7    | Killed Masatiwo the pandemonium lord
 99371 | Zig:7    | Killed Wiumithyfo the pandemonium lord
 99379 | Zig:7    | Found the +10 tower shield of Ignorance {rN+ Int-4}
 99384 | Zig:7    | Found the +3 hat of Pondering {ponderous, Will+ MP+10
                  | Int+5}
 99444 | Zig:8    | Entered Level 8 of a ziggurat
 99497 | Zig:8    | Identified the cursed +0 helmet "Readgheco" {rC+ Regen+}
                  | (You found it on level 8 of a ziggurat)
 99655 | Zig:9    | Entered Level 9 of a ziggurat
 99706 | Zig:10   | Entered Level 10 of a ziggurat
100063 | Zig:10   | Found the +7 great mace "Undeadhunter" {disrupt, rN+}
100097 | Zig:11   | Entered Level 11 of a ziggurat
100154 | Zig:11   | Identified the Disquisition on Scorching Weightlessness
100160 | Zig:11   | Got a warped silver ring
100163 | Zig:11   | Identified the ring "Ojusaow" {rElec Str-3 Int+3 Dex+4
                  | SInv} (You found it on level 11 of a ziggurat)
100177 | Zig:12   | Entered Level 12 of a ziggurat
100184 | Zig:12   | Noticed an ancient lich
100184 | Zig:12   | Noticed an ancient lich
100186 | Zig:12   | Noticed an ancient lich
100187 | Zig:12   | Found the +9 scales of the Dragon King {rPois rF+ rC+
                  | Will+}
100188 | Zig:12   | Killed an ancient lich
100188 | Zig:12   | Killed an ancient lich
100188 | Zig:12   | Noticed an ancient lich
100189 | Zig:12   | Killed an ancient lich
100189 | Zig:12   | Killed an ancient lich
100190 | Zig:12   | Noticed an ancient lich
100194 | Zig:12   | Killed an ancient lich
100277 | Zig:12   | Identified the cursed +0 pair of gloves of Unreason {-Tele
                  | Int+5} (You found it on level 12 of a ziggurat)
100295 | Zig:13   | Entered Level 13 of a ziggurat
100301 | Zig:13   | Noticed an orb of fire
100301 | Zig:13   | Noticed an orb of fire
100307 | Zig:13   | Noticed an orb of fire
100307 | Zig:13   | Noticed an orb of fire
100307 | Zig:13   | Noticed an orb of fire
100307 | Zig:13   | Noticed an orb of fire
100308 | Zig:13   | Noticed an orb of fire
100309 | Zig:13   | Noticed an orb of fire
100310 | Zig:13   | Noticed an orb of fire
100312 | Zig:13   | Killed an orb of fire
100312 | Zig:13   | Gained mutation: Your body sometimes deteriorates upon
                  | taking damage. [an orb of fire]
100313 | Zig:13   | Killed an orb of fire
100314 | Zig:13   | Killed an orb of fire
100314 | Zig:13   | Killed an orb of fire
100314 | Zig:13   | Killed an orb of fire
100315 | Zig:13   | Gained mutation: You occasionally shout uncontrollably at
                  | your foes. [an orb of fire]
100316 | Zig:13   | Killed an orb of fire
100316 | Zig:13   | Killed an orb of fire
100318 | Zig:13   | Killed an orb of fire
100319 | Zig:13   | Killed an orb of fire
100610 | Zig:13   | Lost mutation: You are clumsy. (Dex -2) [potion of
                  | mutation]
100610 | Zig:13   | Lost mutation: Your mind is acute. (Int +2) [potion of
                  | mutation]
100610 | Zig:13   | Lost mutation: You occasionally shout uncontrollably at
                  | your foes. [potion of mutation]
100610 | Zig:13   | Gained mutation: You are somewhat resistant to further
                  | mutation. [potion of mutation]
100611 | Zig:13   | Lost mutation: Your body sometimes deteriorates upon taking
                  | damage. [potion of mutation]
100611 | Zig:13   | Gained mutation: You can translocate small distances at
                  | will. [potion of mutation]
100611 | Zig:13   | Gained mutation: Your mind is acute. (Int +2) [potion of
                  | mutation]
100643 | Zig:14   | Entered Level 14 of a ziggurat
100648 | Zig:14   | Noticed a juggernaut
100649 | Zig:14   | Noticed a juggernaut
100653 | Zig:14   | Killed a juggernaut
100653 | Zig:14   | Killed a juggernaut
100687 | Zig:14   | Found the +4 robe of Augmentation {Str+4 Int+4 Dex+4}
100688 | Zig:14   | Found the +7 Singing Sword {vorpal, sonic wave}
100734 | Zig:15   | Entered Level 15 of a ziggurat
100748 | Zig:15   | Noticed an ancient lich
100751 | Zig:15   | Found the cursed +14 obsidian axe {vorpal, +Fly SInv
                  | *Curse}
100753 | Zig:15   | Killed an ancient lich
100762 | Zig:15   | Identified Codobbe's Catalogue of the Volcanoes and the
                  | Mountains
100781 | Zig:15   | Got a bound iron ring
100782 | Zig:15   | Identified the ring of Sappepn {rPois rC+ rN+ Int+4 SInv}
                  | (You found it on level 15 of a ziggurat)
100797 | Zig:16   | Entered Level 16 of a ziggurat
100802 | Zig:16   | Noticed a juggernaut
100803 | Zig:16   | Noticed a juggernaut
100804 | Zig:16   | Noticed a juggernaut
100806 | Zig:16   | Killed a juggernaut
100807 | Zig:16   | Killed a juggernaut
100807 | Zig:16   | Killed a juggernaut
100807 | Zig:16   | Noticed a juggernaut
100810 | Zig:16   | Killed a juggernaut
100876 | Zig:17   | Entered Level 17 of a ziggurat
101137 | Zig:17   | Got a pitted iron ring
101139 | Zig:17   | Identified the ring of Springtime {rElec rF+ rC+ AC+4
                  | Dex-3} (You found it on level 17 of a ziggurat)
101244 | Zig:18   | Entered Level 18 of a ziggurat
101250 | Zig:18   | Noticed a royal mummy
101251 | Zig:18   | Noticed a royal mummy
101253 | Zig:18   | Noticed a royal mummy
101253 | Zig:18   | Noticed a royal mummy
101253 | Zig:18   | Noticed a royal mummy
101253 | Zig:18   | Noticed a royal mummy
101253 | Zig:18   | Noticed a royal mummy
101253 | Zig:18   | Noticed a royal mummy
101253 | Zig:18   | Noticed a royal mummy
101254 | Zig:18   | Killed a royal mummy
101254 | Zig:18   | Killed a royal mummy
101254 | Zig:18   | Killed a royal mummy
101254 | Zig:18   | Killed a royal mummy
101254 | Zig:18   | Killed a royal mummy
101254 | Zig:18   | Killed a royal mummy
101255 | Zig:18   | Killed a royal mummy
101255 | Zig:18   | Killed a royal mummy
101259 | Zig:18   | Killed a royal mummy
101430 | Zig:18   | Got a coiled amber ring
101431 | Zig:18   | Identified the ring of the Philosopher {Fire Will+ Str+2}
                  | (You found it on level 18 of a ziggurat)
101440 | Zig:18   | Got a steaming bronze ring
101441 | Zig:18   | Identified the ring of the Wary Shouting Wars {rPois Will+
                  | Dex-4 Slay+2} (You found it on level 18 of a ziggurat)
101462 | Zig:18   | Identified the Disquisition on Unstable Venom
101466 | Zig:19   | Entered Level 19 of a ziggurat
101474 | Zig:19   | Gained mutation: You are occasionally teleported next to
                  | monsters. [a shining eye]
101515 | Zig:19   | Identified the cursed +0 pair of gloves of Zoelie {rElec
                  | Dex-5 Stlth+} (You found it on level 19 of a ziggurat)
101532 | Zig:20   | Entered Level 20 of a ziggurat
101564 | Zig:20   | Found the +7 mace of Variability {chain chaos}
101567 | Zig:20   | Found the +4 skin of Zhor {Englaciate rC+++ SInv}
101572 | Zig:20   | Got a vibrating golden ring
101573 | Zig:20   | Identified the ring "Ovuidgh" {*Drain rC++ rN+ Str+6} (You
                  | found it on level 20 of a ziggurat)
101589 | Zig:20   | Got a vibrating lead ring
101590 | Zig:20   | Identified the ring "Tiju" {rPois rF+ rC+ AC+4 Slay-3} (You
                  | found it on level 20 of a ziggurat)
101662 | Zig:21   | Entered Level 21 of a ziggurat
101666 | Zig:21   | Noticed a royal mummy
101666 | Zig:21   | Noticed a royal mummy
101667 | Zig:21   | Noticed a royal mummy
101669 | Zig:21   | Noticed a royal mummy
101670 | Zig:21   | Noticed a royal mummy
101670 | Zig:21   | Noticed a royal mummy
101670 | Zig:21   | Noticed a royal mummy
101670 | Zig:21   | Noticed a royal mummy
101670 | Zig:21   | Noticed a royal mummy
101670 | Zig:21   | Noticed a royal mummy
101670 | Zig:21   | Noticed a royal mummy
101670 | Zig:21   | Noticed a royal mummy
101670 | Zig:21   | Noticed a royal mummy
101670 | Zig:21   | Noticed a royal mummy
101670 | Zig:21   | Noticed a royal mummy
101670 | Zig:21   | Noticed a royal mummy
101671 | Zig:21   | Killed a royal mummy
101671 | Zig:21   | Killed a royal mummy
101671 | Zig:21   | Killed a royal mummy
101671 | Zig:21   | Killed a royal mummy
101671 | Zig:21   | Noticed a royal mummy
101671 | Zig:21   | Noticed a royal mummy
101672 | Zig:21   | Noticed a royal mummy
101672 | Zig:21   | Noticed a royal mummy
101672 | Zig:21   | Noticed a royal mummy
101672 | Zig:21   | Noticed a royal mummy
101672 | Zig:21   | Noticed a royal mummy
101673 | Zig:21   | Killed a royal mummy
101673 | Zig:21   | Killed a royal mummy
101673 | Zig:21   | Killed a royal mummy
101673 | Zig:21   | Killed a royal mummy
101673 | Zig:21   | Killed a royal mummy
101673 | Zig:21   | Killed a royal mummy
101673 | Zig:21   | Killed a royal mummy
101673 | Zig:21   | Killed a royal mummy
101673 | Zig:21   | Killed a royal mummy
101673 | Zig:21   | Killed a royal mummy
101673 | Zig:21   | Killed a royal mummy
101673 | Zig:21   | Killed a royal mummy
101673 | Zig:21   | Killed a royal mummy
101674 | Zig:21   | Reached skill level 27 in Earth Magic
101674 | Zig:21   | Killed a royal mummy
101674 | Zig:21   | Killed a royal mummy
101674 | Zig:21   | Killed a royal mummy
101674 | Zig:21   | Killed a royal mummy
101674 | Zig:21   | Killed a royal mummy
101678 | Zig:21   | Killed a royal mummy
101996 | Zig:21   | Got a wavering brass ring
101998 | Zig:21   | Identified the ring of Duata {rPois rF+ Str+4 Int-5} (You
                  | found it on level 21 of a ziggurat)
102006 | Zig:21   | Got a clouded lapis lazuli ring
102008 | Zig:21   | Identified the ring "Quut Zem" {+Blink rF++ AC+4} (You
                  | found it on level 21 of a ziggurat)
102035 | Zig:22   | Entered Level 22 of a ziggurat
102043 | Zig:22   | Noticed an ancient lich
102044 | Zig:22   | Noticed an ancient lich
102045 | Zig:22   | Noticed an ancient lich
102046 | Zig:22   | Noticed an ancient lich
102046 | Zig:22   | Noticed an ancient lich
102047 | Zig:22   | Noticed an ancient lich
102048 | Zig:22   | Noticed an ancient lich
102052 | Zig:22   | Killed an ancient lich
102052 | Zig:22   | Killed an ancient lich
102053 | Zig:22   | Noticed an ancient lich
102053 | Zig:22   | Noticed an ancient lich
102055 | Zig:22   | Killed an ancient lich
102057 | Zig:22   | Killed an ancient lich
102057 | Zig:22   | Killed an ancient lich
102057 | Zig:22   | Killed an ancient lich
102057 | Zig:22   | Killed an ancient lich
102057 | Zig:22   | Killed an ancient lich
102058 | Zig:22   | Killed an ancient lich
102058 | Zig:22   | Noticed an ancient lich
102059 | Zig:22   | Killed an ancient lich
102115 | Zig:22   | Identified the +4 morningstar of Wyrd {flame, *Corrode
                  | rF+++ rC+ Dex+2} (You found it on level 22 of a ziggurat)
102118 | Zig:22   | Identified Wezan's Handbook of Blistering Conjuration
102136 | Zig:23   | Entered Level 23 of a ziggurat
102144 | Zig:23   | Noticed an ancient lich
102144 | Zig:23   | Noticed an ancient lich
102145 | Zig:23   | Noticed an ancient lich
102151 | Zig:23   | Killed an ancient lich
102152 | Zig:23   | Killed an ancient lich
102152 | Zig:23   | Killed an ancient lich
102153 | Zig:23   | Reached skill level 27 in Fire Magic
102153 | Zig:23   | Reached skill level 27 in Ice Magic
102153 | Zig:23   | Noticed an ancient lich
102154 | Zig:23   | Noticed an ancient lich
102155 | Zig:23   | Noticed an ancient lich
102156 | Zig:23   | Noticed an ancient lich
102156 | Zig:23   | Noticed an ancient lich
102159 | Zig:23   | Reached skill level 27 in Conjurations
102159 | Zig:23   | Killed an ancient lich
102160 | Zig:23   | Killed an ancient lich
102160 | Zig:23   | Killed an ancient lich
102160 | Zig:23   | Killed an ancient lich
102161 | Zig:23   | Killed an ancient lich
102176 | Zig:23   | Found the ring of the Octopus King
102182 | Zig:23   | Found the +9 staff of Olgreb {rPois∞}
102398 | Zig:24   | Entered Level 24 of a ziggurat
102404 | Zig:24   | Noticed a royal mummy
102404 | Zig:24   | Noticed a royal mummy
102405 | Zig:24   | Noticed a royal mummy
102407 | Zig:24   | Noticed a royal mummy
102407 | Zig:24   | Noticed a royal mummy
102407 | Zig:24   | Noticed a royal mummy
102407 | Zig:24   | Noticed a royal mummy
102407 | Zig:24   | Noticed a royal mummy
102407 | Zig:24   | Noticed a royal mummy
102407 | Zig:24   | Noticed a royal mummy
102407 | Zig:24   | Noticed a royal mummy
102407 | Zig:24   | Noticed a royal mummy
102407 | Zig:24   | Noticed a royal mummy
102408 | Zig:24   | Killed a royal mummy
102408 | Zig:24   | Killed a royal mummy
102408 | Zig:24   | Killed a royal mummy
102408 | Zig:24   | Killed a royal mummy
102408 | Zig:24   | Killed a royal mummy
102408 | Zig:24   | Killed a royal mummy
102408 | Zig:24   | Killed a royal mummy
102408 | Zig:24   | Noticed a royal mummy
102409 | Zig:24   | Killed a royal mummy
102409 | Zig:24   | Killed a royal mummy
102409 | Zig:24   | Killed a royal mummy
102409 | Zig:24   | Killed a royal mummy
102409 | Zig:24   | Killed a royal mummy
102409 | Zig:24   | Killed a royal mummy
102411 | Zig:24   | Noticed a royal mummy
102411 | Zig:24   | Noticed a royal mummy
102412 | Zig:24   | Killed a royal mummy
102413 | Zig:24   | Noticed a royal mummy
102414 | Zig:24   | Noticed a royal mummy
102415 | Zig:24   | Killed a royal mummy
102415 | Zig:24   | Killed a royal mummy
102415 | Zig:24   | Killed a royal mummy
102415 | Zig:24   | Noticed a royal mummy
102416 | Zig:24   | Killed a royal mummy
102417 | Zig:24   | Killed a royal mummy
102417 | Zig:24   | Killed a royal mummy
102422 | Zig:24   | Found the +8 demon blade "Leech" {vamp, *Rage +Rage rN+}
102471 | Zig:24   | Got a vibrating steel amulet
102472 | Zig:24   | Identified the amulet of Fiokh {Faith rPois rF+ rN+ Will-}
                  | (You found it on level 24 of a ziggurat)
102518 | Zig:25   | Entered Level 25 of a ziggurat
102539 | Zig:25   | Reached skill level 27 in Necromancy
102540 | Zig:25   | Reached skill level 5 in Stealth
102542 | Zig:25   | Reached skill level 15 in Evocations
102549 | Zig:25   | Reached skill level 10 in Armour
102552 | Zig:25   | Found the +8 whip "Snakebite" {curare, rPois}
102560 | Zig:25   | Got a smoking silver amulet
102561 | Zig:25   | Identified the amulet of the Komtur {Inacc rF+ Dex+3} (You
                  | found it on level 25 of a ziggurat)
102572 | Zig:25   | Got a translucent wooden ring
102573 | Zig:25   | Identified the ring of the Madman {Ice Int+3} (You found it
                  | on level 25 of a ziggurat)
102575 | Zig:25   | Identified the Catalogue of Congealing Transmigration
102615 | Zig:26   | Entered Level 26 of a ziggurat
102625 | Zig:26   | Noticed an ancient lich
102627 | Zig:26   | Noticed an ancient lich
102627 | Zig:26   | Noticed an ancient lich
102627 | Zig:26   | Noticed an ancient lich
102627 | Zig:26   | Noticed an ancient lich
102627 | Zig:26   | Noticed an ancient lich
102629 | Zig:26   | Noticed an ancient lich
102629 | Zig:26   | Killed an ancient lich
102629 | Zig:26   | Killed an ancient lich
102629 | Zig:26   | Killed an ancient lich
102629 | Zig:26   | Killed an ancient lich
102629 | Zig:26   | Killed an ancient lich
102629 | Zig:26   | Noticed an ancient lich
102631 | Zig:26   | Noticed an ancient lich
102631 | Zig:26   | Noticed an ancient lich
102631 | Zig:26   | Noticed an ancient lich
102632 | Zig:26   | Noticed an ancient lich
102632 | Zig:26   | Killed an ancient lich
102632 | Zig:26   | Killed an ancient lich
102633 | Zig:26   | Reached skill level 10 in Stealth
102634 | Zig:26   | Noticed an ancient lich
102634 | Zig:26   | Killed an ancient lich
102634 | Zig:26   | Noticed an ancient lich
102635 | Zig:26   | Killed an ancient lich
102635 | Zig:26   | Noticed an ancient lich
102636 | Zig:26   | Killed an ancient lich
102640 | Zig:26   | Killed an ancient lich
102641 | Zig:26   | Killed an ancient lich
102641 | Zig:26   | Killed an ancient lich
102659 | Zig:26   | Found the +8 trident of the Octopus King {venom, rElec
                  | rPois Will+}
102973 | Zig:26   | Got a shimmering bronze ring
102974 | Zig:26   | Identified the ring "Hecrio" {+Fly rF+} (You found it on
                  | level 26 of a ziggurat)
103080 | Zig:27   | Entered Level 27 of a ziggurat
103087 | Zig:27   | Noticed Zorhyraw's ghost (legendary GrEE)
103087 | Zig:27   | Noticed Ygonacw's ghost (legendary GrEE)
103087 | Zig:27   | Noticed Zorhyraw's ghost (legendary GrEE)
103089 | Zig:27   | Noticed Cygay's ghost (legendary GrEE)
103091 | Zig:27   | Noticed Ahek's ghost (legendary GnTm)
103091 | Zig:27   | Noticed Rotwopom's ghost (legendary NaVM)
103091 | Zig:27   | Noticed Zarkath's ghost (legendary DsDe)
103091 | Zig:27   | Noticed Gyofeun's ghost (legendary FoFi)
103091 | Zig:27   | Noticed Icuofef's ghost (veteran SpEn)
103091 | Zig:27   | Noticed Xiorchab's ghost (legendary VSFi)
103091 | Zig:27   | Noticed Xiorchab's ghost (legendary VSFi)
103091 | Zig:27   | Noticed Ihoic's ghost (legendary SpEn)
103091 | Zig:27   | Noticed Icuofef's ghost (veteran SpEn)
103091 | Zig:27   | Noticed Saonuxt's ghost (legendary DsFi)
103091 | Zig:27   | Noticed Icuofef's ghost (veteran SpEn)
103091 | Zig:27   | Noticed Saonuxt's ghost (legendary DsFi)
103091 | Zig:27   | Noticed Gishoal's ghost (legendary KoBr)
103091 | Zig:27   | Noticed Sobuoh's ghost (legendary GrEE)
103091 | Zig:27   | Noticed Poybuibi's ghost (veteran MiMo)
103091 | Zig:27   | Noticed Erhaimih's ghost (legendary DDNe)
103091 | Zig:27   | Noticed Cygay's ghost (legendary GrEE)
103091 | Zig:27   | Noticed Umoqal's ghost (legendary DEEE)
103091 | Zig:27   | Noticed Xiorchab's ghost (legendary VSFi)
103091 | Zig:27   | Noticed Gishoal's ghost (legendary KoBr)
103093 | Zig:27   | Noticed Gyofeun's ghost (legendary FoFi)
103093 | Zig:27   | Noticed Myrdon's ghost (legendary GrEE)
103093 | Zig:27   | Noticed Ereufydu's ghost (legendary VSGl)
103094 | Zig:27   | Noticed Zorhyraw's ghost (legendary GrEE)
103095 | Zig:27   | Noticed petercordia's ghost (legendary DsEE)
103096 | Zig:27   | Killed Cygay's ghost
103096 | Zig:27   | Noticed Mervan's ghost (legendary GrEE)
103097 | Zig:27   | Killed Icuofef's ghost
103097 | Zig:27   | Killed Ygonacw's ghost
103098 | Zig:27   | Killed Xiorchab's ghost
103098 | Zig:27   | Killed Gishoal's ghost
103098 | Zig:27   | Killed Ihoic's ghost
103098 | Zig:27   | Killed Umoqal's ghost
103098 | Zig:27   | Noticed Xiorchab's ghost (legendary VSFi)
103099 | Zig:27   | Killed Zorhyraw's ghost
103099 | Zig:27   | Killed Gishoal's ghost
103099 | Zig:27   | Killed Xiorchab's ghost
103099 | Zig:27   | Killed Xiorchab's ghost
103099 | Zig:27   | Killed Ereufydu's ghost
103099 | Zig:27   | Killed Icuofef's ghost
103099 | Zig:27   | Noticed Rotwopom's ghost (legendary NaVM)
103099 | Zig:27   | Noticed Wougrad's ghost (legendary GrEE)
103100 | Zig:27   | Killed Saonuxt's ghost
103100 | Zig:27   | Killed Cygay's ghost
103100 | Zig:27   | Killed Saonuxt's ghost
103100 | Zig:27   | Killed Zarkath's ghost
103100 | Zig:27   | Noticed Gyofeun's ghost (legendary FoFi)
103101 | Zig:27   | Killed Myrdon's ghost
103101 | Zig:27   | Killed Icuofef's ghost
103101 | Zig:27   | Killed Rotwopom's ghost
103101 | Zig:27   | Killed Zorhyraw's ghost
103101 | Zig:27   | Noticed tamionv's ghost (legendary GrFi)
103102 | Zig:27   | Reached skill level 15 in Armour
103103 | Zig:27   | Killed Sobuoh's ghost
103103 | Zig:27   | Killed Zorhyraw's ghost
103103 | Zig:27   | Killed Gyofeun's ghost
103106 | Zig:27   | Killed Mervan's ghost
103106 | Zig:27   | Killed Gyofeun's ghost
103107 | Zig:27   | Reached skill level 15 in Stealth
103107 | Zig:27   | Killed Xiorchab's ghost
103107 | Zig:27   | Killed petercordia's ghost
103109 | Zig:27   | Killed Ahek's ghost
103110 | Zig:27   | Killed tamionv's ghost
103111 | Zig:27   | Killed Erhaimih's ghost
103112 | Zig:27   | Killed Gyofeun's ghost
103117 | Zig:27   | Killed Wougrad's ghost
103118 | Zig:27   | Killed Poybuibi's ghost
103119 | Zig:27   | Killed Rotwopom's ghost
103759 | Zig:27   | Found the +8 lance "Wyrmbane" {slay drac, rPois rF+ rC+
                  | AC+3}
103760 | Zig:27   | Found the +9 sword of Zonguldrok {reap}
103777 | Zig:27   | Got a twitching jade ring
103778 | Zig:27   | Identified the ring of Cisuoj {Str+5 Int+6 SInv Stlth+}
                  | (You found it on level 27 of a ziggurat)
103795 | Zig:27   | Identified Sif Muna's Grimoire of the Mountains and
                  | Transmutation
103812 | Zig:27   | Identified Uczaolem's Papyrus of Feathery Transmigration
103824 | Zig:1    | Entered Level 1 of a ziggurat
104044 | Zig:2    | Entered Level 2 of a ziggurat
104045 | Zig:2    | Noticed a juggernaut
104047 | Zig:2    | Killed a juggernaut
104063 | Zig:3    | Entered Level 3 of a ziggurat
104413 | Zig:4    | Entered Level 4 of a ziggurat
104458 | Zig:4    | Got a coiled iron ring
104459 | Zig:4    | Identified the ring "Axaplez" {+Fly rN+ Will+} (You found
                  | it on level 4 of a ziggurat)
104463 | Zig:5    | Entered Level 5 of a ziggurat
104466 | Zig:5    | Noticed a royal mummy
104468 | Zig:5    | Killed a royal mummy
104533 | Zig:6    | Entered Level 6 of a ziggurat
104537 | Zig:6    | Noticed an orb of fire
104538 | Zig:6    | Noticed an orb of fire
104538 | Zig:6    | Noticed an orb of fire
104539 | Zig:6    | Noticed an orb of fire
104540 | Zig:6    | Noticed an orb of fire
104546 | Zig:6    | Killed an orb of fire
104546 | Zig:6    | Killed an orb of fire
104547 | Zig:6    | Killed an orb of fire
104547 | Zig:6    | Killed an orb of fire
104548 | Zig:6    | Killed an orb of fire
104656 | Zig:6    | Got a brightly glowing ruby amulet
104657 | Zig:6    | Identified the amulet of Attitude {Acrobat +Fly rF+ Slay+3}
                  | (You found it on level 6 of a ziggurat)
104664 | Zig:6    | Identified the +4 quarterstaff of Discretion {protect, rF+
                  | rC++ rN+} (You found it on level 6 of a ziggurat)
104757 | Zig:6    | Lost mutation: Your mind is acute. (Int +2) [potion of
                  | mutation]
104758 | Zig:6    | Lost mutation: You are somewhat resistant to further
                  | mutation. [potion of mutation]
104758 | Zig:6    | Lost mutation: You are frail. (-10% HP) [potion of
                  | mutation]
104758 | Zig:6    | Gained mutation: You passively map a small area around you.
                  | [potion of mutation]
104758 | Zig:6    | Gained mutation: You evolve. [potion of mutation]
104758 | Zig:6    | Gained mutation: You have a pair of small horns on your
                  | head. [potion of mutation]
104759 | Zig:6    | Lost mutation: You have a pair of small horns on your head.
                  | [potion of mutation]
104759 | Zig:6    | Lost mutation: You can translocate small distances at will.
                  | [potion of mutation]
104759 | Zig:6    | Lost mutation: You evolve. [potion of mutation]
104759 | Zig:6    | Lost mutation: You are partially covered in large bone
                  | plates. (SH +4) [potion of mutation]
104759 | Zig:6    | Gained mutation: You expend magic power (3 MP) to
                  | strengthen your wands. [potion of mutation]
104759 | Zig:6    | Gained mutation: You are agile. (Dex +2) [potion of
                  | mutation]
104759 | Zig:6    | Gained mutation: Your spells are a little harder to cast,
                  | but a little more powerful. [potion of mutation]
104761 | Zig:7    | Entered Level 7 of a ziggurat
104765 | Zig:7    | Noticed Enlita Pyist the pandemonium lord
104766 | Zig:7    | Noticed Baceupnesu the pandemonium lord
104768 | Zig:7    | Killed Baceupnesu the pandemonium lord
104771 | Zig:7    | Killed Enlita Pyist the pandemonium lord
104826 | Zig:8    | Entered Level 8 of a ziggurat
104861 | Zig:8    | Got a vibrating steel ring
104865 | Zig:8    | Identified the ring of Pride {Ice rN+ MP-9 Dex+8} (You
                  | found it on level 8 of a ziggurat)
104879 | Zig:8    | Got a clouded bronze ring
104880 | Zig:8    | Identified the ring of Wu Jian's Pride {+Inv rN+ EV+4
                  | Dex+2} (You found it on level 8 of a ziggurat)
104886 | Zig:8    | Identified the cursed +0 buckler "Hugarch" {Int+6 Slay+2}
                  | (You found it on level 8 of a ziggurat)
104895 | Zig:9    | Entered Level 9 of a ziggurat
104950 | Zig:9    | Got a clouded amber ring
104952 | Zig:9    | Identified the ring "Diecas" {+Inv rN+ Int-3 Dex+6} (You
                  | found it on level 9 of a ziggurat)
105022 | Zig:10   | Entered Level 10 of a ziggurat
105026 | Zig:10   | Noticed a royal mummy
105026 | Zig:10   | Noticed a royal mummy
105026 | Zig:10   | Noticed a royal mummy
105026 | Zig:10   | Noticed a royal mummy
105027 | Zig:10   | Killed a royal mummy
105027 | Zig:10   | Killed a royal mummy
105027 | Zig:10   | Killed a royal mummy
105027 | Zig:10   | Killed a royal mummy
105072 | Zig:10   | Identified the +2 buckler of the Scribe {+Inv} (You found
                  | it on level 10 of a ziggurat)
105079 | Zig:10   | Got a vibrating granite ring
105080 | Zig:10   | Identified the ring of the Trout {rN+ Will+ rCorr} (You
                  | found it on level 10 of a ziggurat)
105094 | Zig:11   | Entered Level 11 of a ziggurat
105096 | Zig:11   | Noticed a royal mummy
105096 | Zig:11   | Noticed a royal mummy
105097 | Zig:11   | Noticed a royal mummy
105097 | Zig:11   | Noticed a royal mummy
105098 | Zig:11   | Noticed a royal mummy
105098 | Zig:11   | Noticed a royal mummy
105098 | Zig:11   | Noticed a royal mummy
105098 | Zig:11   | Noticed a royal mummy
105098 | Zig:11   | Noticed a royal mummy
105099 | Zig:11   | Killed a royal mummy
105099 | Zig:11   | Killed a royal mummy
105099 | Zig:11   | Killed a royal mummy
105099 | Zig:11   | Killed a royal mummy
105100 | Zig:11   | Reached skill level 5 in Shields
105100 | Zig:11   | Killed a royal mummy
105100 | Zig:11   | Killed a royal mummy
105100 | Zig:11   | Killed a royal mummy
105100 | Zig:11   | Killed a royal mummy
105102 | Zig:11   | Killed a royal mummy
105134 | Zig:11   | Identified the Almanac of the Entourage and Toxins
105141 | Zig:11   | Identified the cursed +0 morningstar of Anger {flame, rC+}
                  | (You found it on level 11 of a ziggurat)
105152 | Zig:11   | Identified Qisuwn's Incunabulum of Unstable Unholy Secrets
105158 | Zig:12   | Entered Level 12 of a ziggurat
105168 | Zig:12   | Found the +5 scythe "Finisher" {speed, eviscerate}
105223 | Zig:12   | Acquired the +1 pair of gloves of Poor Excuses {rN+ SInv}
105245 | Zig:13   | Entered Level 13 of a ziggurat
105296 | Zig:13   | Identified the Papyrus of Frigorific Heat
105315 | Zig:13   | Got a slimy ivory ring
105317 | Zig:13   | Got a wavering wooden ring
105318 | Zig:13   | Identified the ring "Gaonofisk" {*Tele rElec Dex+2} (You
                  | found it on level 13 of a ziggurat)
105320 | Zig:13   | Identified the ring "Qoist" {rPois MP+9 Str+3 Stlth+} (You
                  | found it on level 13 of a ziggurat)
105343 | Zig:14   | Entered Level 14 of a ziggurat
105348 | Zig:14   | Noticed an ancient lich
105349 | Zig:14   | Noticed an ancient lich
105349 | Zig:14   | Noticed an ancient lich
105351 | Zig:14   | Noticed an ancient lich
105353 | Zig:14   | Killed an ancient lich
105353 | Zig:14   | Killed an ancient lich
105354 | Zig:14   | Killed an ancient lich
105354 | Zig:14   | Killed an ancient lich
105355 | Zig:14   | Reached skill level 10 in Shields
105356 | Zig:14   | Noticed an ancient lich
105360 | Zig:14   | Killed an ancient lich
105365 | Zig:14   | Found the +0 staff of Battle
105514 | Zig:15   | Entered Level 15 of a ziggurat
105627 | Zig:15   | Identified Onyderaw's Tome of Twisted Flight
105631 | Zig:15   | Identified the Grimoire of the Lethal Volcanoes
105637 | Zig:15   | Identified the Reference Book on Lethal Shape Shifting
105639 | Zig:15   | Identified Kofiri's Guide on Warped Companions
105656 | Zig:16   | Entered Level 16 of a ziggurat
105789 | Zig:16   | Got a transparent tin amulet
105790 | Zig:16   | Identified the amulet "Idwoumem" {Inacc rC++} (You found it
                  | on level 16 of a ziggurat)
105808 | Zig:16   | Got a translucent bone ring
105809 | Zig:16   | Identified the ring of Nasut {Int-4 Dex+4 Slay+3 Stlth-}
                  | (You found it on level 16 of a ziggurat)
105813 | Zig:16   | Identified the Volume of Earth and Execration
105868 | Zig:17   | Entered Level 17 of a ziggurat
105937 | Zig:17   | Identified the Grimoire of Poisoning and Companions
105993 | Zig:18   | Entered Level 18 of a ziggurat
105999 | Zig:18   | Noticed a juggernaut
106004 | Zig:18   | Killed a juggernaut
106007 | Zig:18   | Noticed a juggernaut
106009 | Zig:18   | Killed a juggernaut
106070 | Zig:19   | Entered Level 19 of a ziggurat
106074 | Zig:19   | Noticed an ancient lich
106074 | Zig:19   | Noticed an ancient lich
106078 | Zig:19   | Killed an ancient lich
106078 | Zig:19   | Killed an ancient lich
106078 | Zig:19   | Noticed an ancient lich
106083 | Zig:19   | Noticed an ancient lich
106083 | Zig:19   | Noticed an ancient lich
106084 | Zig:19   | Noticed an ancient lich
106084 | Zig:19   | Noticed an ancient lich
106084 | Zig:19   | Killed an ancient lich
106085 | Zig:19   | Killed an ancient lich
106085 | Zig:19   | Killed an ancient lich
106085 | Zig:19   | Killed an ancient lich
106085 | Zig:19   | Noticed an ancient lich
106086 | Zig:19   | Noticed an ancient lich
106086 | Zig:19   | Killed an ancient lich
106087 | Zig:19   | Reached skill level 15 in Shields
106087 | Zig:19   | Found the +8 autumn katana {vorpal, Clar}
106087 | Zig:19   | Killed an ancient lich
106087 | Zig:19   | Killed an ancient lich
106256 | Zig:19   | Identified Eddupt's Reference Book on the Voyage and
                  | Attacks
106262 | Zig:19   | Identified the Grimoire of Transmigration and Combat Magic
106288 | Zig:19   | Identified Yretwuce's Compendium of Hexes and the Voyage
106306 | Zig:20   | Entered Level 20 of a ziggurat
106316 | Zig:20   | Noticed an ancient lich
106317 | Zig:20   | Noticed an ancient lich
106318 | Zig:20   | Noticed an ancient lich
106319 | Zig:20   | Killed an ancient lich
106319 | Zig:20   | Killed an ancient lich
106319 | Zig:20   | Killed an ancient lich
106319 | Zig:20   | Noticed an ancient lich
106319 | Zig:20   | Noticed an ancient lich
106321 | Zig:20   | Killed an ancient lich
106321 | Zig:20   | Killed an ancient lich
106322 | Zig:20   | Noticed an ancient lich
106323 | Zig:20   | Noticed an ancient lich
106325 | Zig:20   | Killed an ancient lich
106326 | Zig:20   | Killed an ancient lich
106336 | Zig:20   | Found the +18 shield of the Gong {rElec rN+ Will+ EV-5}
106343 | Zig:20   | Got a sparkling amber ring
106354 | Zig:20   | Got a twitching platinum amulet
106355 | Zig:20   | Identified the ring of Bimpavui {rN+ Will+++ Str+6 Int-5
                  | Stlth+} (You found it on level 20 of a ziggurat)
106357 | Zig:20   | Identified the amulet "Laosch" {Faith rElec Int+4} (You
                  | found it on level 20 of a ziggurat)
106366 | Zig:20   | Identified Sif Muna's Guide on the Icy Voyage
106403 | Zig:21   | Entered Level 21 of a ziggurat
106493 | Zig:21   | Identified the Incunabulum of Displacement and Bewitchment
106854 | Zig:22   | Entered Level 22 of a ziggurat
106865 | Zig:22   | Noticed an ancient lich
106865 | Zig:22   | Noticed an ancient lich
106866 | Zig:22   | Killed an ancient lich
106866 | Zig:22   | Noticed an ancient lich
106867 | Zig:22   | Noticed an ancient lich
106869 | Zig:22   | Noticed an ancient lich
106870 | Zig:22   | Killed an ancient lich
106870 | Zig:22   | Killed an ancient lich
106870 | Zig:22   | Killed an ancient lich
106870 | Zig:22   | Noticed an ancient lich
106871 | Zig:22   | Killed an ancient lich
106872 | Zig:22   | Killed an ancient lich
106873 | Zig:22   | Noticed an ancient lich
106875 | Zig:22   | Killed an ancient lich
106935 | Zig:22   | Identified the Volume of Vitriolic Stolen Souls
106938 | Zig:22   | Identified Ijep's Guide on Twisted Lightness
106970 | Zig:22   | Got a coiled iron amulet
106971 | Zig:22   | Identified the amulet of Daisies {Acrobat *Drain rElec
                  | rPois Int+3} (You found it on level 22 of a ziggurat)
106986 | Zig:22   | Got a wavering pewter ring
106987 | Zig:22   | Identified the ring of Xom's Entertainment {Fire Str+3
                  | Int+4 Slay+2} (You found it on level 22 of a ziggurat)
107147 | Zig:23   | Entered Level 23 of a ziggurat
107158 | Zig:23   | Reached skill level 27 in Air Magic
107195 | Zig:23   | Got a pitted iron amulet
107196 | Zig:23   | Identified the amulet of Megalomania {Reflect +Inv Dex+2
                  | SH+5} (You found it on level 23 of a ziggurat)
107206 | Zig:23   | Got an ancient brass ring
107207 | Zig:23   | Identified the cursed ring "Esmex" {rElec rPois EV-4 Int-4
                  | Dex+9} (You found it on level 23 of a ziggurat)
107218 | Zig:23   | Identified the Almanac of Battle Magic
107226 | Zig:23   | Got a shimmering bronze ring
107227 | Zig:23   | Identified the Papyrus of the Entourage and Flight
107229 | Zig:23   | Identified the ring of the Moon {rC++ Str+6} (You found it
                  | on level 23 of a ziggurat)
107252 | Zig:23   | Identified the cursed +0 robe of Jeixt {Str+4} (You found
                  | it on level 23 of a ziggurat)
107343 | Zig:24   | Entered Level 24 of a ziggurat
107349 | Zig:24   | Noticed a juggernaut
107350 | Zig:24   | Noticed a juggernaut
107350 | Zig:24   | Noticed a juggernaut
107350 | Zig:24   | Noticed a juggernaut
107353 | Zig:24   | Noticed a juggernaut
107353 | Zig:24   | Killed a juggernaut
107353 | Zig:24   | Killed a juggernaut
107353 | Zig:24   | Killed a juggernaut
107353 | Zig:24   | Killed a juggernaut
107354 | Zig:24   | Killed a juggernaut
107354 | Zig:24   | Noticed a juggernaut
107354 | Zig:24   | Noticed a juggernaut
107358 | Zig:24   | Killed a juggernaut
107358 | Zig:24   | Noticed a juggernaut
107359 | Zig:24   | Killed a juggernaut
107361 | Zig:24   | Noticed a juggernaut
107363 | Zig:24   | Killed a juggernaut
107363 | Zig:24   | Killed a juggernaut
107384 | Zig:24   | Found the +0 glaive of the Guard {elec, spectral, AC+5}
107393 | Zig:24   | Got a steaming ivory amulet
107394 | Zig:24   | Identified the amulet "Conaiz" {Inacc Str+4 Dex+4} (You
                  | found it on level 24 of a ziggurat)
107463 | Zig:25   | Entered Level 25 of a ziggurat
107483 | Zig:25   | Reached skill level 27 in Stealth
107520 | Zig:25   | Found the +8 arc blade {discharge, rElec}
107535 | Zig:25   | Got a wavering golden ring
107536 | Zig:25   | Identified the ring of Dydghuwk {rPois rF- Str+6 Int+4}
                  | (You found it on level 25 of a ziggurat)
107543 | Zig:25   | Identified the Reference Book on Shape Shifting and Snow
107676 | Zig:26   | Entered Level 26 of a ziggurat
107698 | Zig:26   | Reached skill level 27 in Armour
107699 | Zig:26   | Found the +2 shield of Resistance {rF++ rC++ Will++}
107762 | Zig:26   | Got a fine lapis lazuli ring
107763 | Zig:26   | Identified the ring "Wiash" {rN+ Str+2 Stlth+} (You found
                  | it on level 26 of a ziggurat)
107797 | Zig:26   | Identified Semas's Compendium of Cold and the Voyage
107801 | Zig:27   | Entered Level 27 of a ziggurat
107830 | Zig:27   | Reached skill level 27 in Dodging
107903 | Zig:27   | Found the ring of the Octopus King
107920 | Zig:27   | Got a fine platinum amulet
107921 | Zig:27   | Identified the amulet of Jadaoq {Reflect *Corrode Str+3
                  | Int+4 SH+5} (You found it on level 27 of a ziggurat)
107927 | Zig:27   | Identified the Collected Works on the Vitriolic Rocks
107933 | Zig:27   | Got an ancient bronze ring
107935 | Zig:27   | Identified the ring "Sumanif" {+Inv rCorr SInv} (You found
                  | it on level 27 of a ziggurat)
107986 | Zig:1    | Entered Level 1 of a ziggurat
108175 | Zig:2    | Entered Level 2 of a ziggurat
108175 | Zig:2    | Noticed Tosoakogg the pandemonium lord
108177 | Zig:2    | Reached skill level 27 in Evocations
108177 | Zig:2    | Killed Tosoakogg the pandemonium lord
108200 | Zig:3    | Entered Level 3 of a ziggurat
108200 | Zig:3    | Noticed Qikyman the pandemonium lord
108202 | Zig:3    | Killed Qikyman the pandemonium lord
108231 | Zig:4    | Entered Level 4 of a ziggurat
108329 | Zig:5    | Entered Level 5 of a ziggurat
108332 | Zig:5    | Found the +6 Majin-Bo {vamp, MP+6 Int+6}
108669 | Zig:6    | Entered Level 6 of a ziggurat
108675 | Zig:6    | Reached skill level 27 in Shields
108676 | Zig:6    | Reached skill level 15 in Staves
108711 | Zig:6    | Got a coiled zirconium amulet
108712 | Zig:6    | Identified the amulet of the Lion {rPois rN+ Regen+} (You
                  | found it on level 6 of a ziggurat)
108724 | Zig:7    | Entered Level 7 of a ziggurat
108727 | Zig:7    | Noticed a royal mummy
108728 | Zig:7    | Noticed a royal mummy
108728 | Zig:7    | Noticed a royal mummy
108728 | Zig:7    | Noticed a royal mummy
108729 | Zig:7    | Noticed a royal mummy
108730 | Zig:7    | Found the +2 Maxwell's thermic engine {flame, freeze}
108730 | Zig:7    | Killed a royal mummy
108730 | Zig:7    | Killed a royal mummy
108730 | Zig:7    | Killed a royal mummy
108730 | Zig:7    | Killed a royal mummy
108732 | Zig:7    | Killed a royal mummy
108798 | Zig:7    | Got a smoking amber ring
108799 | Zig:7    | Identified the ring "Kypulan" {rElec Will+ Str+2 Dex+6}
                  | (You found it on level 7 of a ziggurat)
108804 | Zig:8    | Entered Level 8 of a ziggurat
108872 | Zig:9    | Entered Level 9 of a ziggurat
108905 | Zig:9    | Identified the Catalogue of Earthen Hexes
108943 | Zig:10   | Entered Level 10 of a ziggurat
108954 | Zig:10   | Noticed an ancient lich
108955 | Zig:10   | Killed an ancient lich
108957 | Zig:10   | Noticed an ancient lich
108957 | Zig:10   | Killed an ancient lich
109015 | Zig:11   | Entered Level 11 of a ziggurat
109020 | Zig:11   | Noticed a juggernaut
109020 | Zig:11   | Killed a juggernaut
109053 | Zig:11   | Found the +4 dagger "Morg" {pain, Will+ Int+5}
109072 | Zig:11   | Identified the Handbook of Beguiling and the Traveller
109089 | Zig:11   | Got an ancient silver amulet
109090 | Zig:11   | Identified the amulet "Jorann" {Faith Int+2} (You found it
                  | on level 11 of a ziggurat)
109150 | Zig:12   | Entered Level 12 of a ziggurat
109161 | Zig:12   | Noticed an ancient lich
109165 | Zig:12   | Killed an ancient lich
109232 | Zig:12   | Got a warped lead ring
109233 | Zig:12   | Identified the ring of Ilorinuq {EV+4 Dex+2} (You found it
                  | on level 12 of a ziggurat)
109243 | Zig:12   | Identified the Incunabulum of the Armadillo
109247 | Zig:12   | Got a crude ivory ring
109248 | Zig:12   | Identified the ring "Sirph" {rC+ rN+} (You found it on
                  | level 12 of a ziggurat)
109251 | Zig:12   | Identified the Collected Works on Lethal Stones
109263 | Zig:13   | Entered Level 13 of a ziggurat
109317 | Zig:13   | Got a warped pewter ring
109318 | Zig:13   | Identified the cursed ring of the Kangaroo {Str+5 Int-4
                  | Dex-4} (You found it on level 13 of a ziggurat)
109340 | Zig:14   | Entered Level 14 of a ziggurat
109346 | Zig:14   | Noticed Zugregie the pandemonium lord
109347 | Zig:14   | Noticed Avvipn the pandemonium lord
109347 | Zig:14   | Noticed Wocoq the pandemonium lord
109347 | Zig:14   | Noticed Uxouseib the pandemonium lord
109347 | Zig:14   | Noticed Qozarch the pandemonium lord
109347 | Zig:14   | Noticed Vadoop the pandemonium lord
109347 | Zig:14   | Noticed Luowit the pandemonium lord
109347 | Zig:14   | Noticed Qeokeguf the pandemonium lord
109347 | Zig:14   | Noticed Joeroibb the pandemonium lord
109347 | Zig:14   | Noticed Omat Xaino the pandemonium lord
109347 | Zig:14   | Noticed Tijixtab the pandemonium lord
109347 | Zig:14   | Noticed Otucisem the pandemonium lord
109348 | Zig:14   | Noticed Norojuw the pandemonium lord
109349 | Zig:14   | Reached skill level 27 in Staves
109349 | Zig:14   | Noticed Qufiuz the pandemonium lord
109351 | Zig:14   | Killed Joeroibb the pandemonium lord
109351 | Zig:14   | Killed Zugregie the pandemonium lord
109351 | Zig:14   | Killed Tijixtab the pandemonium lord
109351 | Zig:14   | Killed Vadoop the pandemonium lord
109351 | Zig:14   | Killed Wocoq the pandemonium lord
109351 | Zig:14   | Killed Qeokeguf the pandemonium lord
109352 | Zig:14   | Killed Uxouseib the pandemonium lord
109352 | Zig:14   | Killed Omat Xaino the pandemonium lord
109352 | Zig:14   | Killed Otucisem the pandemonium lord
109352 | Zig:14   | Noticed Qyt Yqo the pandemonium lord
109353 | Zig:14   | Killed Norojuw the pandemonium lord
109353 | Zig:14   | Killed Qufiuz the pandemonium lord
109353 | Zig:14   | Killed Qozarch the pandemonium lord
109354 | Zig:14   | Killed Luowit the pandemonium lord
109355 | Zig:14   | Reached skill level 15 in Polearms
109359 | Zig:14   | Killed Avvipn the pandemonium lord
109360 | Zig:14   | Killed Qyt Yqo the pandemonium lord
109550 | Zig:15   | Entered Level 15 of a ziggurat
109598 | Zig:15   | Got a pitted marble ring
109599 | Zig:15   | Identified the ring "Vyprocai" {*Tele rPois Int+6 Stlth+}
                  | (You found it on level 15 of a ziggurat)
109627 | Zig:15   | Got an ancient buckler
109638 | Zig:15   | Identified the +0 buckler of the Forest {Stlth+} (You found
                  | it on level 15 of a ziggurat)
109652 | Zig:15   | Identified Reyppergh's Disquisition on the Unholy Glacier
109664 | Zig:16   | Entered Level 16 of a ziggurat
109685 | Zig:16   | HP: 3/199 [hellion/damnation (16)]
109696 | Zig:16   | Found the +3 warlock's mirror {reflect}
109896 | Zig:16   | Got a pair of scorched boots
109906 | Zig:16   | Identified the +2 pair of boots "Gisokis" {rElec rCorr}
                  | (You found it on level 16 of a ziggurat)
110170 | Zig:17   | Entered Level 17 of a ziggurat
110185 | Zig:17   | Found the +3 sling "Punk" {acid, rCorr}
110263 | Zig:17   | Got a jewelled kite shield
110274 | Zig:17   | Identified the +1 kite shield of Qazlal's Regard {Regen+
                  | Int+2 Slay+3} (You found it on level 17 of a ziggurat)
110332 | Zig:18   | Entered Level 18 of a ziggurat
110404 | Zig:18   | Found the +8 demon trident "Rift" {distort, reach+}
110430 | Zig:18   | Got a faintly glowing granite ring
110595 | Zig:18   | Identified the ring "Raulay" {*Tele rF+ rN+++ Int-2 Dex+4}
                  | (You found it on level 18 of a ziggurat)
110598 | Zig:19   | Entered Level 19 of a ziggurat
110610 | Zig:19   | Noticed a juggernaut
110610 | Zig:19   | Noticed a juggernaut
110616 | Zig:19   | Killed a juggernaut
110616 | Zig:19   | Killed a juggernaut
110630 | Zig:19   | Noticed a juggernaut
110631 | Zig:19   | Noticed a juggernaut
110634 | Zig:19   | Killed a juggernaut
110637 | Zig:19   | Killed a juggernaut
110650 | Zig:19   | Found the +6 arbalest "Damnation" {damnation}
110669 | Zig:19   | Identified the Reference Book on the Compass
110683 | Zig:19   | Got a buzzing eveningstar
110684 | Zig:19   | Identified the cursed +1 eveningstar of Distant Worlds
                  | {venom, Str-2 Dex+4} (You found it on level 19 of a
                  | ziggurat)
110704 | Zig:19   | Identified the Handbook of Evil Magic and Lightness
110724 | Zig:19   | Identified Sif Muna's Compendium of Necromancy and
                  | Transmutation
110733 | Zig:20   | Entered Level 20 of a ziggurat
110755 | Zig:20   | Reached skill level 27 in Polearms
110755 | Zig:20   | Reached skill level 1 in Axes
110755 | Zig:20   | Reached skill level 1 in Crossbows
110755 | Zig:20   | Reached skill level 1 in Summonings
110763 | Zig:20   | Reached skill level 5 in Axes
110763 | Zig:20   | Reached skill level 5 in Crossbows
110763 | Zig:20   | Reached skill level 5 in Summonings
110782 | Zig:20   | Found the ring of the Mage {Wiz Will++ Int+3}
110822 | Zig:20   | Got a clouded tin ring
110823 | Zig:20   | Identified the ring of Demons {rPois rN+ rCorr Str+3 Dex-4}
                  | (You found it on level 20 of a ziggurat)
110840 | Zig:20   | Got a vibrating golden ring
110841 | Zig:20   | Identified the ring of Pride {rC+ MP+9 Dex+3} (You found it
                  | on level 20 of a ziggurat)
110858 | Zig:20   | Got a shimmering silver ring
110859 | Zig:20   | Identified the ring "Kuxitinla" {rF+ rN+} (You found it on
                  | level 20 of a ziggurat)
110866 | Zig:21   | Entered Level 21 of a ziggurat
110878 | Zig:21   | Noticed an ancient lich
110878 | Zig:21   | Noticed an ancient lich
110878 | Zig:21   | Noticed an ancient lich
110880 | Zig:21   | Noticed an ancient lich
110880 | Zig:21   | Noticed an ancient lich
110881 | Zig:21   | Killed an ancient lich
110881 | Zig:21   | Killed an ancient lich
110882 | Zig:21   | Killed an ancient lich
110882 | Zig:21   | Killed an ancient lich
110882 | Zig:21   | Killed an ancient lich
110883 | Zig:21   | Noticed an ancient lich
110885 | Zig:21   | Noticed an ancient lich
110886 | Zig:21   | Reached skill level 10 in Crossbows
110886 | Zig:21   | Killed an ancient lich
110886 | Zig:21   | Noticed an ancient lich
110889 | Zig:21   | Noticed an ancient lich
110889 | Zig:21   | Killed an ancient lich
110890 | Zig:21   | Reached skill level 10 in Axes
110890 | Zig:21   | Reached skill level 10 in Summonings
110890 | Zig:21   | Killed an ancient lich
110891 | Zig:21   | Noticed an ancient lich
110891 | Zig:21   | Noticed an ancient lich
110892 | Zig:21   | Noticed an ancient lich
110893 | Zig:21   | Noticed an ancient lich
110893 | Zig:21   | Killed an ancient lich
110894 | Zig:21   | Killed an ancient lich
110895 | Zig:21   | Killed an ancient lich
110895 | Zig:21   | Killed an ancient lich
110896 | Zig:21   | Killed an ancient lich
110897 | Zig:21   | Noticed an ancient lich
110898 | Zig:21   | Noticed an ancient lich
110900 | Zig:21   | Killed an ancient lich
110900 | Zig:21   | Killed an ancient lich
110975 | Zig:21   | Identified Sif Muna's Tome of Cankerous Lightness
110982 | Zig:21   | Identified the Disquisition on Flamy Enchantment
110985 | Zig:21   | Got an ancient wooden ring
110989 | Zig:21   | Got a shimmering demon whip
110990 | Zig:21   | Identified the +11 demon whip of Fedhas {flame, rPois rN+}
                  | (You found it on level 21 of a ziggurat)
111008 | Zig:21   | Got a brightly glowing ivory ring
111009 | Zig:21   | Identified the ring "Kuofosoo" {rPois MP+9 Int+4 Dex-3
                  | Stlth+} (You found it on level 21 of a ziggurat)
111159 | Zig:22   | Entered Level 22 of a ziggurat
111179 | Zig:22   | Noticed Giwnef the pandemonium lord
111179 | Zig:22   | Noticed Toetocac the pandemonium lord
111179 | Zig:22   | Noticed Suhail the pandemonium lord
111180 | Zig:22   | Noticed Cajiesau the pandemonium lord
111180 | Zig:22   | Noticed Supp the pandemonium lord
111180 | Zig:22   | Noticed Soinn the pandemonium lord
111180 | Zig:22   | Noticed Ogiaxeigg the pandemonium lord
111180 | Zig:22   | Noticed Zyduigup the pandemonium lord
111180 | Zig:22   | Noticed Cemikhyr the pandemonium lord
111180 | Zig:22   | Noticed Tufyanin the pandemonium lord
111180 | Zig:22   | Noticed Plog the pandemonium lord
111180 | Zig:22   | Noticed Aschos the pandemonium lord
111180 | Zig:22   | Noticed Boru the pandemonium lord
111180 | Zig:22   | Noticed Ywna the pandemonium lord
111180 | Zig:22   | Noticed Madulyro the pandemonium lord
111180 | Zig:22   | Noticed Gauqoog the pandemonium lord
111180 | Zig:22   | Noticed Naporem the pandemonium lord
111180 | Zig:22   | Noticed Inkotav the pandemonium lord
111180 | Zig:22   | Noticed Misk the pandemonium lord
111180 | Zig:22   | Noticed Evvihuw the pandemonium lord
111180 | Zig:22   | Noticed Bosac the pandemonium lord
111180 | Zig:22   | Noticed Elusedac the pandemonium lord
111180 | Zig:22   | Noticed Zutubeown the pandemonium lord
111180 | Zig:22   | Noticed Isizun the pandemonium lord
111180 | Zig:22   | Noticed Xadant the pandemonium lord
111180 | Zig:22   | Noticed Zuidyt the pandemonium lord
111180 | Zig:22   | Noticed Ofaital the pandemonium lord
111181 | Zig:22   | Found the +3 giant club "Skullcrusher" {speed, Str+7}
111181 | Zig:22   | Killed Soinn the pandemonium lord
111181 | Zig:22   | Killed Boru the pandemonium lord
111181 | Zig:22   | Killed Cajiesau the pandemonium lord
111181 | Zig:22   | Killed Ywna the pandemonium lord
111181 | Zig:22   | Killed Tufyanin the pandemonium lord
111181 | Zig:22   | Killed Giwnef the pandemonium lord
111181 | Zig:22   | Killed Gauqoog the pandemonium lord
111181 | Zig:22   | Killed Bosac the pandemonium lord
111181 | Zig:22   | Noticed Ihottudd the pandemonium lord
111182 | Zig:22   | Reached skill level 15 in Axes
111182 | Zig:22   | Reached skill level 15 in Transmutations
111182 | Zig:22   | Killed Misk the pandemonium lord
111183 | Zig:22   | Killed Elusedac the pandemonium lord
111185 | Zig:22   | Noticed Ijeadois the pandemonium lord
111185 | Zig:22   | Killed Madulyro the pandemonium lord
111185 | Zig:22   | Killed Evvihuw the pandemonium lord
111185 | Zig:22   | Killed Ogiaxeigg the pandemonium lord
111186 | Zig:22   | Killed Plog the pandemonium lord
111186 | Zig:22   | Killed Xadant the pandemonium lord
111186 | Zig:22   | Killed Aschos the pandemonium lord
111186 | Zig:22   | Killed Zuidyt the pandemonium lord
111186 | Zig:22   | Killed Naporem the pandemonium lord
111186 | Zig:22   | Killed Isizun the pandemonium lord
111187 | Zig:22   | Killed Zyduigup the pandemonium lord
111187 | Zig:22   | Killed Suhail the pandemonium lord
111187 | Zig:22   | Killed Supp the pandemonium lord
111187 | Zig:22   | Killed Cemikhyr the pandemonium lord
111187 | Zig:22   | Killed Ofaital the pandemonium lord
111191 | Zig:22   | Killed Inkotav the pandemonium lord
111191 | Zig:22   | Killed Ihottudd the pandemonium lord
111192 | Zig:22   | Killed Toetocac the pandemonium lord
111192 | Zig:22   | Noticed a juggernaut
111192 | Zig:22   | a Killer Klown changed into a juggernaut
111193 | Zig:22   | Killed Ijeadois the pandemonium lord
111194 | Zig:22   | Killed Zutubeown the pandemonium lord
111195 | Zig:22   | Killed a juggernaut
111351 | Zig:22   | Identified Fuwecics's Reference Book on Ensnaring Lightness
111360 | Zig:22   | Got a steaming platinum amulet
111367 | Zig:22   | Reached skill level 15 in Summonings
111374 | Zig:22   | Got a glittering iron ring
111631 | Zig:23   | Entered Level 23 of a ziggurat
111650 | Zig:23   | Noticed a juggernaut
111650 | Zig:23   | Noticed a juggernaut
111652 | Zig:23   | Noticed a juggernaut
111654 | Zig:23   | Killed a juggernaut
111654 | Zig:23   | Killed a juggernaut
111654 | Zig:23   | Killed a juggernaut
111654 | Zig:23   | Noticed a juggernaut
111656 | Zig:23   | Killed a juggernaut
111656 | Zig:23   | Noticed a juggernaut
111656 | Zig:23   | Noticed a juggernaut
111657 | Zig:23   | Noticed a juggernaut
111657 | Zig:23   | Noticed a juggernaut
111658 | Zig:23   | Killed a juggernaut
111659 | Zig:23   | Killed a juggernaut
111659 | Zig:23   | Killed a juggernaut
111660 | Zig:23   | Killed a juggernaut
111680 | Zig:23   | Found the +4 Cigotuvi's embrace {rMiasma *Drain rN+}
111687 | Zig:23   | Identified the Almanac of Creative Changing
111690 | Zig:23   | Got a shimmering platinum ring
111692 | Zig:23   | Got a warped buckler
111703 | Zig:23   | Identified the cursed -3 buckler of Forking Paths {-Tele
                  | Harm Dex+3} (You found it on level 23 of a ziggurat)
111722 | Zig:23   | Got a coiled granite ring
111791 | Zig:24   | Entered Level 24 of a ziggurat
111821 | Zig:24   | Found the +12 glaive of Prune {vorpal}
111839 | Zig:24   | Found the +8 frozen axe "Frostbite" {freezing cloud, *Noise
                  | +Fly rC+}
111855 | Zig:24   | Got a clouded glass ring
111870 | Zig:24   | Identified Onnegrepiy's Papyrus of Aerial Creation
111874 | Zig:24   | Got a warped bone amulet
111886 | Zig:24   | Identified the Guide on Quantum Blows and Bruises
112072 | Zig:25   | Entered Level 25 of a ziggurat
112184 | Zig:25   | Found the ring of the Octopus King
112197 | Zig:25   | Got a vibrating bone amulet
112225 | Zig:25   | Identified the amulet of Piusk {Faith rElec rPois Str+4
                  | Int+2} (You found it on level 22 of a ziggurat)
112227 | Zig:25   | Identified the amulet "Ateipn" {rC- Regen+ Dex+6} (You
                  | found it on level 25 of a ziggurat)
112229 | Zig:25   | Identified the amulet of Digiaz {RegenMP Fragile Will++}
                  | (You found it on level 24 of a ziggurat)
112246 | Zig:26   | Entered Level 26 of a ziggurat
112290 | Zig:26   | Found the ring of the Octopus King
112374 | Zig:26   | Got a pitted steel ring
112378 | Zig:26   | Got a fine turquoise ring
112384 | Zig:26   | Identified the +0 helmet "Yradak" {Str+4} (You found it on
                  | level 26 of a ziggurat)
112403 | Zig:26   | Identified the Incunabulum of Objectivity
112419 | Zig:26   | Identified the ring of the Magpie {rPois Int+6 Dex+4} (You
                  | found it on level 22 of a ziggurat)
112420 | Zig:26   | Identified the ring "Zexavuff" {rPois Slay+4} (You found it
                  | on level 23 of a ziggurat)
112430 | Zig:26   | Identified the ring of Bouruh {Ice Int+4} (You found it on
                  | level 21 of a ziggurat)
112433 | Zig:26   | Identified the ring of the Shouting Queen {rF+ rC+} (You
                  | found it on level 23 of a ziggurat)
112436 | Zig:26   | Identified the ring "Logext" {*Drain rF++ Will+ SInv} (You
                  | found it on level 24 of a ziggurat)
112455 | Zig:27   | Entered Level 27 of a ziggurat
112582 | Zig:27   | Identified the Tome of the Snowflakes and Changing
112585 | Zig:27   | Identified the Compendium of Damaging Ignition
112617 | Zig:27   | Identified the Disquisition on the Escort and Attacks
112629 | Zig:27   | Identified the ring "Imaanovuph" {+Fly rPois} (You found it
                  | on level 26 of a ziggurat)
112631 | Zig:27   | Identified the ring of Vockem {rCorr Int+4 Dex+4 Slay-3}
                  | (You found it on level 26 of a ziggurat)
112662 | D:15     | Lost mutation: You expend magic power (3 MP) to strengthen
                  | your wands. [potion of mutation]
112662 | D:15     | Lost mutation: You are partially covered in slimy green
                  | scales. (AC +2) [potion of mutation]
112662 | D:15     | Lost mutation: You are occasionally teleported next to
                  | monsters. [potion of mutation]
112662 | D:15     | Gained mutation: You are very agile. (Dex +4) [potion of
                  | mutation]
112662 | D:15     | Gained mutation: You are partially covered in rugged brown
                  | scales. (AC +1, +3% HP) [potion of mutation]
112662 | D:15     | Gained mutation: You are mostly covered in rugged brown
                  | scales. (AC +2, +5% HP) [potion of mutation]
112743 | Pan      | Entered Pandemonium
113020 | Pan      | Acquired 414 gold pieces
113305 | Pan      | Noticed Fuxiyruo the pandemonium lord
113314 | Pan      | Killed Fuxiyruo the pandemonium lord
113638 | Pan      | Noticed Nefugimn the pandemonium lord
113645 | Pan      | Killed Nefugimn the pandemonium lord
113664 | Pan      | Found a runed translucent door.
113666 | Pan      | Found a runed translucent door.
113672 | Pan      | Found a runed translucent door.
113674 | Pan      | Noticed Bisill Qocke the pandemonium lord
113677 | Pan      | Killed Bisill Qocke the pandemonium lord
113686 | Pan      | Found a runed translucent door.
114371 | Pan      | Noticed Ewuolusu the pandemonium lord
114372 | Pan      | Killed Ewuolusu the pandemonium lord
116197 | Pan      | Noticed Fosafam the pandemonium lord
116202 | Pan      | Killed Fosafam the pandemonium lord
116668 | Pan      | Got a demonic rune of Zot
116671 | Pan      | Entered the realm of Cerebov.
116889 | Pan      | Identified the +6 sword of Cerebov {flame}
116889 | Pan      | Noticed Cerebov
116897 | Pan      | Killed Cerebov
116920 | Pan      | Got a translucent steel amulet
116921 | Pan      | Identified the amulet "Kuceanoyju" {Regen+ Str+4} (You
                  | found it in Pandemonium)
116944 | Pan      | Got a fiery rune of Zot
117111 | Pan      | Entered the realm of Mnoleg.
117146 | Pan      | Noticed Mnoleg
117151 | Pan      | Killed Mnoleg
117157 | Pan      | Gained mutation: Your body sometimes deteriorates upon
                  | taking damage. [a cacodemon]
117162 | Pan      | Gained mutation: You are dopey. (Int -2) [a neqoxec]
117166 | Pan      | Gained mutation: Your magical capacity is low. (-10% MP) [a
                  | cacodemon]
117193 | Pan      | Got a glowing rune of Zot
117870 | Pan      | Noticed Kaikhauh the pandemonium lord
117874 | Pan      | Killed Kaikhauh the pandemonium lord
117878 | Pan      | Gained mutation: You tend to lose your temper in combat.
                  | [mutagenic glow]
117939 | Pan      | Lost mutation: You tend to lose your temper in combat.
                  | [potion of mutation]
117939 | Pan      | Lost mutation: You are very agile. (Dex +4) [potion of
                  | mutation]
117939 | Pan      | Lost mutation: Your body sometimes deteriorates upon taking
                  | damage. [potion of mutation]
117939 | Pan      | Gained mutation: You are partially covered in thin metallic
                  | scales. (AC +2) [potion of mutation]
117940 | Pan      | Lost mutation: Your magical capacity is low. (-10% MP)
                  | [potion of mutation]
117940 | Pan      | Lost mutation: You are agile. (Dex +2) [potion of mutation]
117940 | Pan      | Lost mutation: You are dopey. (Int -2) [potion of mutation]
117940 | Pan      | Lost mutation: You are partially covered in thin metallic
                  | scales. (AC +2) [potion of mutation]
117940 | Pan      | Gained mutation: You have large cloven feet. [potion of
                  | mutation]
117940 | Pan      | Gained mutation: You possess an exceptional clarity of
                  | mind. [potion of mutation]
118405 | Pan      | Noticed Afolu the pandemonium lord
118406 | Pan      | Killed Afolu the pandemonium lord
118474 | Pan      | Found an exit through the horrors of the Abyss.
118474 | Pan      | Noticed Nylam the pandemonium lord
118478 | Pan      | Killed Nylam the pandemonium lord
118752 | Pan      | Noticed Uschunnyt the pandemonium lord
118762 | Pan      | Killed Uschunnyt the pandemonium lord
118785 | Pan      | Noticed Teeravi the pandemonium lord
118787 | Pan      | Killed Teeravi the pandemonium lord
118795 | Pan      | Entered the realm of Lom Lobon.
119055 | Pan      | Got a magical rune of Zot
119059 | Pan      | Noticed Lom Lobon
119062 | Pan      | Killed Lom Lobon
119104 | Pan      | Entered the realm of Gloorx Vloq.
119138 | Pan      | Got a dark rune of Zot
119144 | Pan      | Noticed Gloorx Vloq
119147 | Pan      | Killed Gloorx Vloq
119286 | Pan      | Found an exit through the horrors of the Abyss.
119389 | Pan      | Noticed Toaxza the pandemonium lord
119390 | Pan      | Killed Toaxza the pandemonium lord
119518 | Pan      | Found an exit through the horrors of the Abyss.
119539 | Pan      | Identified the +6 trident of the Viper {venom, rPois}
119661 | Pan      | Found an exit through the horrors of the Abyss.
119704 | Pan      | Noticed Jelifa the pandemonium lord
119707 | Pan      | Killed Jelifa the pandemonium lord
119745 | Pan      | Identified the +2 pair of gloves of the Armoured One {rF-
                  | Dex+4} (You found it in Pandemonium)
119786 | Pan      | Acquired 320 gold pieces
120101 | Pan      | Found an exit through the horrors of the Abyss.
120234 | Pan      | Found a huge runed translucent gate.
120237 | Pan      | Found a huge runed translucent gate.
120238 | Pan      | Found a huge runed translucent gate.
120239 | Pan      | Found a huge runed translucent gate.
120239 | Pan      | Found a huge runed translucent gate.
120241 | Pan      | Found a huge runed translucent gate.
120242 | Pan      | Found a huge runed translucent gate.
120247 | Pan      | Noticed Sapnecri the pandemonium lord
120254 | Pan      | Killed Sapnecri the pandemonium lord
120481 | Pan      | Noticed Besimo the pandemonium lord
120484 | Pan      | Killed Besimo the pandemonium lord
120790 | Pan      | Found an exit through the horrors of the Abyss.
120934 | Pan      | Found an exit through the horrors of the Abyss.
120958 | Pan      | Found an exit through the horrors of the Abyss.
121283 | Pan      | Noticed Huammue the pandemonium lord
121289 | Pan      | Killed Huammue the pandemonium lord
121731 | Pan      | Noticed Juicityll the pandemonium lord
121734 | Pan      | Killed Juicityll the pandemonium lord
122690 | Pan      | Found an exit through the horrors of the Abyss.
122709 | Pan      | Gained mutation: You occasionally shout uncontrollably at
                  | your foes. [a neqoxec]
123088 | Pan      | Noticed Foschic the pandemonium lord
123091 | Pan      | Killed Foschic the pandemonium lord
123267 | Pan      | Noticed Fiatso the pandemonium lord
123270 | Pan      | Killed Fiatso the pandemonium lord
123443 | Pan      | Identified the cursed +0 helmet of Integrity {rElec} (You
                  | found it in Pandemonium)
123834 | Pan      | Found a runed translucent door.
123987 | Pan      | Noticed Ymnoidghie the pandemonium lord
123988 | Pan      | Killed Ymnoidghie the pandemonium lord
124338 | Pan      | Found a runed translucent door.
124349 | Pan      | Noticed Firais the pandemonium lord
124352 | Pan      | Killed Firais the pandemonium lord
124707 | Pan      | Upgraded the game from 0.26-a0-1132-ge9770dfcb6 to
                  | 0.26-a0-1161-g0398aca569
124724 | Pan      | Gained mutation: You are frail. (-10% HP) [a cacodemon]
124881 | Depths:3 | Escaped Pandemonium
124945 | Zig:1    | Entered Level 1 of a ziggurat
125054 | Zig:2    | Entered Level 2 of a ziggurat
125097 | Zig:3    | Entered Level 3 of a ziggurat
125130 | Zig:4    | Entered Level 4 of a ziggurat
125137 | Zig:4    | Reached skill level 27 in Maces & Flails
125194 | Zig:4    | Got a wavering amethyst amulet
125199 | Zig:4    | Identified the amulet "Reasm" {RegenMP rF- rC+ Will+
                  | Stlth+} (You found it on level 4 of a ziggurat)
125213 | Zig:5    | Entered Level 5 of a ziggurat
125303 | Zig:6    | Entered Level 6 of a ziggurat
125618 | Zig:6    | Identified the Guide on Dislocation and the Rocks
125627 | Zig:7    | Entered Level 7 of a ziggurat
125629 | Zig:7    | Lost mutation: You are frail. (-10% HP) [a shining eye]
125747 | Zig:7    | Found the +7 pair of quick blades "Gyre" and "Gimble"
                  | {protect}
125757 | Zig:7    | Identified the Tome of Ensnaring Transformation
125774 | Zig:8    | Entered Level 8 of a ziggurat
125774 | Zig:8    | Noticed a royal mummy
125778 | Zig:8    | Killed a royal mummy
125778 | Zig:8    | Noticed a royal mummy
125779 | Zig:8    | Killed a royal mummy
125779 | Zig:8    | Noticed a royal mummy
125780 | Zig:8    | Noticed a royal mummy
125783 | Zig:8    | Killed a royal mummy
125784 | Zig:8    | Killed a royal mummy
125816 | Zig:8    | Identified Imeinlad's Volume of Bewitchment
125845 | Zig:9    | Entered Level 9 of a ziggurat
125866 | Zig:9    | Found the +10 morningstar "Eos" {elec, Halo rElec}
125892 | Zig:9    | Got a translucent tin ring
125893 | Zig:9    | Identified the ring "Reczu" {*Slow rPois Int+4 Stlth+} (You
                  | found it on level 9 of a ziggurat)
125902 | Zig:10   | Entered Level 10 of a ziggurat
125921 | Zig:10   | Reached skill level 27 in Crossbows
125967 | Zig:10   | Identified the Incunabulum of Blistering Darkness
125975 | Zig:11   | Entered Level 11 of a ziggurat
125977 | Zig:11   | Noticed Vofrett the pandemonium lord
125977 | Zig:11   | Noticed Onov the pandemonium lord
125977 | Zig:11   | Noticed Tiseemmi the pandemonium lord
125977 | Zig:11   | Noticed Daplesh the pandemonium lord
125978 | Zig:11   | Noticed Rikhooha the pandemonium lord
125978 | Zig:11   | Noticed Som Negg the pandemonium lord
125978 | Zig:11   | Noticed Cihuiler the pandemonium lord
125978 | Zig:11   | Noticed Tuzyol the pandemonium lord
125978 | Zig:11   | Noticed Rihilil the pandemonium lord
125978 | Zig:11   | Noticed Fong the pandemonium lord
125978 | Zig:11   | Noticed Icijop the pandemonium lord
125978 | Zig:11   | Noticed Vadyub the pandemonium lord
125978 | Zig:11   | Noticed Nenu the pandemonium lord
125978 | Zig:11   | Noticed Reri the pandemonium lord
125979 | Zig:11   | Noticed Qihih the pandemonium lord
125979 | Zig:11   | Killed Qihih the pandemonium lord
125979 | Zig:11   | Killed Cihuiler the pandemonium lord
125979 | Zig:11   | Killed Som Negg the pandemonium lord
125979 | Zig:11   | Noticed Igeatz the pandemonium lord
125981 | Zig:11   | Killed Tuzyol the pandemonium lord
125982 | Zig:11   | Killed Tiseemmi the pandemonium lord
126001 | Zig:11   | HP: 10/208 [Rikhooha the pandemonium lord (2)]
126003 | Zig:11   | Slain by Onov the pandemonium lord

Illustrated notes

Levels and vault maps discovered:
D:1:      eino_arrival_cavern_d, layout_loops_ring,
          hangedman_decor_clover_reticule
D:2:      layout_basic
D:3:      kennysheep_the_goblin_king, layout_loops_cross,
          grunt_temple_overflow_holy_war, portal_sewer_entry_e,
          minmay_fractal_squares_diagonal_5
D:4:      layout_basic, grunt_temple_overflow_open, gup_ossuary_entry_pyramid,
          gammafunk_ghost_gnarly_gnolls, uniq_crazy_yiuf_cottage
D:5:      gammafunk_cloud_chamber, layout_basic, lemuel_round_altar,
          serial_bayou_ford_a
D:6:      layout_loops_corners, lemuel_coloured_pillars_altar,
          minmay_temple_entry_trees, uniq_duvessa
D:7:      layout_rooms, uniq_pikel, uniq_menkaure, uniq_harold
D:8:      layout_basic, cheibriados_altar_1, minmay_the_grid_2x2
          [minmay_the_grid_dragon_a, minmay_the_grid_minigrid_medium,
          minmay_the_grid_spikes, minmay_the_grid_prize_four_corners],
          uniq_psyche
D:9:      layout_loops_cross, grunt_dithmenos_smoke, kennysheep_flooded_box,
          minivault_26, minmay_fountain_box
D:10:     layout_irregular_city, uniq_erica
D:11:     layout_stronghold, erik_lair_island,
          nicolae_gozag_cash_rules_everything_around_me
D:12:     layout_basic, orc_0_dummy, interstate_on_off, billiards_dpeg,
          uniq_kirke, uniq_urug
D:13:     layout_grid_maze, erik_vaults_1, gauntlet_entry_generic
D:14:     layout_rooms, basic_altar, serial_rivers,
          chequers_serial_rivers_micro_d, chequers_serial_rivers_micro_e,
          chequers_serial_rivers_micro_d, chequers_serial_rivers_large_b,
          chequers_serial_rivers_micro_c
D:15:     grunt_enter_depths_magical_seal, layout_loops_ring,
          minmay_misc_feat_encased, nrook_loot_triangle, minmay_misc_feat_chi,
          uniq_azrael
Temple:   eino_temple_water
Lair:1:   layout_regular_city, grunt_megastairs_5
Lair:2:   layout_regular_city, swamp_mist, spider_nest_entry_web_field,
          beast_lair_carwin_10, lemuel_fruit_fields, uniq_fannar
Lair:3:   beast_lair_carwin_large_4, layout_layer_cave
Lair:4:   layout_long_grid, beast_lair_carwin_5, minmay_lair_oklob_chamber,
          uniq_snorg, uniq_nergalle
Lair:5:   layout_gridlike, dpeg_slime_entry_corner,
          chequers_serial_rivers_room_a, lemuel_fruit_tree
Lair:6:   minmay_lair_end_frog_pond, layout_cave_pods, st_stairs_12
Swamp:1:  layout_basic_swamp, serial_swamp_ruin, evilmike_swamp_ruin_house_2,
          hangedman_swamp_ruin_hall, evilmike_swamp_ruin_house_3
Swamp:2:  layout_falls_marsh, infiniplex_staircase_pool
Swamp:3:  cheibrodos_swamp_monstrosity, layout_basic_swamp,
          hangedman_swamp_blocks, swamp_pool1, hangedman_swamp_pad,
          nicolae_swamp_treefoil, grunt_ruined_hall
Swamp:4:  swamp_basic_johnstein, layout_basic_swamp, swamp_pool2
Spider:1: layout_chambers, zaba_anthell
Spider:2: layout_spider_delve, uniq_arachne
Spider:3: layout_chambers
Spider:4: guppyfry_spider_rune
Slime:1:  layout_caves
Slime:2:  layout_caves
Slime:3:  cheibrodos_slime_lost_civilization_9, layout_caves
Slime:4:  layout_caves
Slime:5
Orc:1:    layout_caves
Orc:2:    grunt_orc_gardens, layout_diamond_mine, grunt_orc_garden,
          grunt_orc_garden, grunt_orc_garden, grunt_orc_garden,
          hangedman_minor_magic
Elf:1:    minmay_elf_arrival_plus, layout_loops_cross, serial_shops,
          nicolae_shop_behind_doors, kennysheep_underground_church, uniq_agnes
Elf:2:    layout_onion_city
Elf:3:    minmay_elf_hall_dome, layout_loops_cross, serial_shops, shop
Vaults:1: ontoclasm_vaults_ring_square, vaults_mumra_minichess_inversion,
          v_pattern_1, v_misc_27, nicolae_vaults_circle_grid_a,
          hangedman_vaults_maws, vaults_dpeg_encased_lava,
          vaults_room_grunt_arrival_ludios, nicolae_vaults_network_square,
          nicolae_vaults_angled_halls, layout_vaults_big_room, serial_shops,
          shop, infiniplex_enter_wizlab_water, basic_altar
Vaults:2: v_alt_pattern_3, v_pattern_2, nicolae_vaults_asterisk,
          vaults_room_semicircle, v_misc_3, nicolae_vaults_sealed_display,
          hangedman_vaults_snaps, ontoclasm_vaults_hangar,
          ontoclasm_vaults_ligature, layout_vaults_maze
Vaults:3: nicolae_vaults_stairing_the_circle, vaults_room_boxed,
          minmay_crypt_entry_necro_gods, v_misc_23,
          ontoclasm_vaults_loading_screen, v_misc_29,
          ontoclasm_vaults_claustrophobia, v_pattern_3, serial_ice_h,
          ontoclasm_vaults_twist, nicolae_vaults_triangles,
          hangedman_vaults_slice, layout_vaults_ring, serial_shops,
          nicolae_shop_statue_plus
Vaults:4: vaults_room_pools, nicolae_vaults_arrows, v_misc_11,
          vaults_mumra_hexcomb, v_misc_11, nicolae_vaults_yaktaur_gun_rack,
          v_misc_4, v_misc_22, nicolae_vaults_display_case, v_misc_8,
          ontoclasm_vaults_decontamination, layout_vaults_omnibox
Vaults:5
Crypt:1:  layout_basic, basic_altar, serial_corexii_hall,
          corexii_hall_statues_x, corexii_hall_statues_i, lemuel_nasty_fountain
Crypt:2:  layout_rooms, tombwall_bobbens, lemuel_elevator
Crypt:3:  evilmike_haunted_forest, uniq_margery
Depths:1: layout_long_grid, serial_glass, glass_columns_a, glass_columns_a,
          glass_columns_a, glass_columns_b, glass_columns_a, glass_columns_a,
          glass_columns_b, glass_columns_b, glass_columns_b, glass_columns_c,
          serial_shops, statue_bzr, hell_entry, chequers_serial_rivers_room_a,
          tgw_xom
Depths:2: minmay_eyes, layout_basic, enter_ziggurat_c, hell_entry,
          minmay_misc_feat_four_crosses, chequers_serial_rivers_small_a,
          serial_bayou_shore_b, infiniplex_staircase_door_maze
Depths:3: minmay_octagon_keep, layout_twisted_cross, rand_demon_pan_entry_9,
          grunt_hell_entry_dis_grunt, chequers_serial_rivers_micro_e
Depths:4: grated_community_mu [grated_community_mu_vampire_home,
          grated_community_mu_giant_home, grated_community_mu_spellcaster_home,
          grated_community_mu_orcish_home, grated_community_mu_troll_home,
          grated_community_mu_taur_home, grated_community_mu_unbuilt_plot],
          layout_cave_shapes, grunt_hell_horde, hangedman_decor_diamond_cutter,
          abyss_entry, glass_columns_b, infiniplex_staircase_pillars_3a
Depths:5: evilmike_zot_entry_diamond, layout_honeycomb, abyss_entry,
          rand_demon_pan_entry_4, hell_entry, gammafunk_ghost_cemetery,
          solitary_fountain, due_unseen_surprise, serial_bayou_shore_b,
          uniq_boris, uniq_xtahua
Zig:11

Skill      XL: |  1  2  3  4  5  6  7  8  9 10 11 12 13 14 15 16 17 18 19 20 21 22 23 24 25 26 27 |
---------------+----------------------------------------------------------------------------------+-----
Earth Magic    | 4 5 6 7 8 9 10 11 12 13 14 15 16 18 20 22 27 | 27.0
Conjurations   | 1 3 4 5 6 7 8 9 10 11 12 13 14 15 16 17 27 | 27.0
Spellcasting   | 3 4 5 6 7 8 9 10 11 12 13 14 15 27 | 27.0
Fighting       | 1 3 4 5 6 8 9 10 12 13 15 16 17 18 19 27 | 27.0
Armour         | 1 3 4 5 6 27 | 27.0
Dodging        | 2 3 4 5 6 7 8 9 10 11 12 13 14 27 | 27.0
Maces & Flails | 2 4 5 6 7 8 9 11 12 13 14 15 27 | 27.0
Evocations     | 2 3 4 6 7 8 9 10 27 | 27.0
Long Blades    | 4 8 |  8.0
Fire Magic     | 11 15 17 18 19 20 27 | 27.0
Transmutations | 24 | 24.4
Necromancy     | 27 | 27.0
Air Magic      | 27 | 27.0
Staves         | 27 | 27.0
Ice Magic      | 27 | 27.0
Stealth        | 27 | 27.0
Shields        | 27 | 27.0
Polearms       | 27 | 27.0
Axes           | 25 | 25.7
Crossbows      | 27 | 27.0
Summonings     | 24 | 24.9

Action                   |  1- 3 |  4- 6 |  7- 9 | 10-12 | 13-15 | 16-18 | 19-21 | 22-24 | 25-27 || total
-------------------------+-------+-------+-------+-------+-------+-------+-------+-------+-------++-------
Melee: Dagger            |   108 |   345 |   169 |       |       |       |       |       |       ||   622
       Unarmed           |       |    15 |       |       |       |       |       |       |       ||    15
       Whip              |       |       |   132 |   468 |       |       |       |       |       ||   600
       Short sword       |       |       |    19 |       |       |       |       |       |       ||    19
       Falchion          |       |       |       |    88 |   884 |   966 |   716 |   217 |     8 ||  2879
       Great mace        |       |       |       |       |       |       |       |       |  1300 ||  1300
       Staff             |       |       |       |       |       |       |       |       |  1413 ||  1413
       Lance             |       |       |       |       |       |       |       |       |    32 ||    32
 Cast: Sandblast         |     9 |    42 |    94 |    91 |    40 |     6 |    11 |       |       ||   293
       Stone Arrow       |       |     5 |     5 |    11 |    19 |       |       |     1 |     2 ||    43
       Lee's Rapid Decon |       |     1 |     8 |    36 |    74 |   119 |   126 |    46 |    27 ||   437
       Iron Shot         |       |       |       |    11 |   120 |   214 |   195 |   105 |   173 ||   818
       Irradiate         |       |       |       |       |       |    31 |    14 |     2 |       ||    47
       Conjure Ball Ligh |       |       |       |       |       |    19 |       |       |       ||    19
       Fireball          |       |       |       |       |       |    15 |    43 |     1 |     2 ||    61
       Ignition          |       |       |       |       |       |       |    49 |    66 |   358 ||   473
       Shatter           |       |       |       |       |       |       |       |    48 |   906 ||   954
       Absolute Zero     |       |       |       |       |       |       |       |       |   297 ||   297
       Fire Storm        |       |       |       |       |       |       |       |       |    99 ||    99
       Tornado           |       |       |       |       |       |       |       |       |    41 ||    41
       Necromutation     |       |       |       |       |       |       |       |       |    21 ||    21
       Death's Door      |       |       |       |       |       |       |       |       |     7 ||     7
 Abil: Fly               |       |       |       |       |     1 |       |       |       |       ||     1
       End Transformatio |       |       |       |       |       |       |       |       |     7 ||     7
Evoke: Wand              |       |       |     5 |     9 |    10 |    31 |       |       |     6 ||    61
       Box of beasts     |       |       |       |       |     1 |     2 |     1 |       |     1 ||     5
       Phial of floods   |       |       |       |       |     1 |     1 |       |       |       ||     2
       Tin of tremorston |       |       |       |       |       |       |       |       |     4 ||     4
       Condenser vane    |       |       |       |       |       |       |       |       |     3 ||     3
       Figurine of a zig |       |       |       |       |       |       |       |       |     5 ||     5
       Phantom mirror    |       |       |       |       |       |       |       |       |     1 ||     1
  Use: Scroll            |       |    14 |     2 |    12 |    13 |     9 |    12 |    11 |   213 ||   286
       Potion            |       |     4 |     3 |    12 |     4 |     3 |     9 |     4 |   132 ||   171
 Stab: Sleeping          |     6 |     2 |     2 |     3 |     3 |     1 |     2 |     1 |     3 ||    23
       Distracted        |       |       |     1 |       |       |     4 |     2 |       |    18 ||    25
       Confused          |       |       |       |       |       |     3 |       |       |     1 ||     4
       Paralysed         |       |       |       |       |       |    46 |       |       |       ||    46
       Petrifying        |       |       |       |       |       |       |     1 |       |       ||     1
Armor: Robe              |    35 |   106 |   166 |   180 |   424 |   803 |   398 |   153 |  1553 ||  3818
Dodge: Dodged            |    49 |   176 |   222 |   429 |   934 |  1318 |   607 |   265 |  4271 ||  8271
Block: Other             |       |       |       |    65 |   273 |   327 |   168 |    80 |   623 ||  1536
       Reflection        |       |       |       |     2 |     4 |     2 |    18 |    14 |   243 ||   283
       Buckler           |       |       |       |       |       |       |       |       |  1595 ||  1595
       Rpst.: Falchion   |       |       |       |    19 |   254 |   265 |   123 |    45 |     1 ||   707

Table legend: (Time is in decaauts)
 A = Elapsed time spent in this place.
 B = Non-inter-level travel time spent in this place.
 C = Inter-level travel time spent in this place.
 D = Time resting spent in this place.
 E = Time spent auto-exploring this place.
 F = Levels seen in this place.
 G = Mean time per level.
                   A        B        C        D        E       F      G
               +--------+--------+--------+--------+--------+-----+--------+
         Total | 125228 | 119312 |   5916 |  39326 |  46837 | 240 |  521.8 |
       Dungeon |  22490 |  20217 |   2273 |   2585 |  13396 |  15 | 1499.3 |
        Temple |      6 |      6 |      0 |      0 |      0 |   1 |    6.0 |
          Lair |  10365 |   9550 |    815 |   1845 |   6056 |   6 | 1727.5 |
         Swamp |   5641 |   5388 |    253 |   1764 |   2793 |   4 | 1410.2 |
   Spider Nest |   9030 |   8636 |    394 |   3555 |   3627 |   4 | 2257.5 |
    Slime Pits |    863 |    805 |     58 |    392 |      0 |   5 |  172.6 |
  Orcish Mines |   2979 |   2849 |    130 |   1079 |   1095 |   2 | 1489.5 |
   Elven Halls |   4159 |   3952 |    207 |    417 |   2636 |   3 | 1386.3 |
        Vaults |  10232 |   9576 |    656 |   3106 |   5059 |   5 | 2046.4 |
         Crypt |   4626 |   4479 |    147 |   1170 |   2401 |   3 | 1542.0 |
        Depths |   9860 |   8882 |    978 |   2322 |   4540 |   5 | 1972.0 |
         Abyss |   5378 |   5378 |      0 |   1929 |   1056 |   5 | 1075.6 |
   Pandemonium |  11636 |  11636 |      0 |   3473 |   3140 |  31 |  375.4 |
      Ziggurat |  22733 |  22733 |      0 |  12652 |      1 | 146 |  155.7 |
        Bazaar |     79 |     79 |      0 |      0 |     19 |   1 |   79.0 |
         Sewer |    604 |    604 |      0 |      0 |    442 |   1 |  604.0 |
       Ossuary |    835 |    835 |      0 |    542 |     15 |   1 |  835.0 |
        Wizlab |   2995 |   2995 |      0 |   2160 |    389 |   1 | 2995.0 |
      Gauntlet |    708 |    708 |      0 |    331 |    170 |   1 |  708.0 |
               +--------+--------+--------+--------+--------+-----+--------+

Top non-repeatable levels by time:
 Abyss:3: 3869 daAuts
Spider:3: 3483 daAuts
    D:12: 3142 daAuts
  WizLab: 2995 daAuts
Spider:1: 2992 daAuts
Vaults:4: 2927 daAuts
Depths:2: 2771 daAuts
  Lair:6: 2599 daAuts
 Crypt:3: 2544 daAuts
Depths:4: 2476 daAuts
Vaults:3: 2215 daAuts
    D:13: 2208 daAuts
    D:15: 2160 daAuts
Vaults:2: 2059 daAuts
Depths:5: 1989 daAuts
